 Dungeon Crawl Stone Soup version 0.26.1-11-gd32895ea62 (webtiles) character file.

Game seed: 16050594370903730313

13037609 evanesce the Axe Maniac (level 27, 238/238 HPs)
             Began as a Gnoll Wanderer on May 11, 2021.
             Was the Champion of Cheibriados.
             Escaped with the Orb
             ... and 15 runes on May 21, 2021!
             The game lasted 12:41:58 (123322 turns).

evanesce the Axe Maniac (Gnoll Wanderer)          Turns: 123322, Time: 12:41:59

Health: 238/238    AC: 30    Str: 39    XL:     27
Magic:  54/54      EV: 31    Int: 60    God:    Cheibriados [******]
Gold:   11491      SH: 25    Dex: 24    Spells: 2/74 levels left

rFire    + + +     SeeInvis .   a - +10 morningstar "Eos" {elec, Halo rElec}
rCold    + + +     Faith    .   m - +5 kite shield {rC+ rF+}
rNeg     + + +     Spirit   .   w - +4 plate armour of the Lute {*Slow rF+++ Int+10 Dex-3}
rPois    +         Reflect  .   (helmet restricted)
rElec    +         Harm     .   o - scarf {rC+ rF+}
rCorr    .         Rampage  .   n - +2 pair of gloves {archery}
Will     +++..                  s - +2 pair of boots of Pek Epa {MP+9 Str+3}
Stlth    +.........             U - macabre finger necklace {rN+}
HPRegen  0.49/turn              g - ring "Ungicyng" {Wiz rN++}
MPRegen  0.34/turn              V - ring of Puoci {rPois rC++ Int+6}
                                E - ring "Guluatip" {rF- rN+ Will+ Int+8 Dex-3}

@: glowing, very slow
A: distributed training, fangs 1, horns 1, thin metallic scales 1, blurry vision
1, deformed body, low mp 1, wild magic 1, no potion heal 1, strong nose
0: Orb of Zot
}: 15/15 runes: barnacled, slimy, silver, golden, iron, obsidian, icy, bone,
abyssal, demonic, glowing, magical, fiery, dark, gossamer
a: Renounce Religion, Bend Time, Temporal Distortion, Slouch, Step From Time


You escaped.
You worshipped Cheibriados.
Cheibriados was exalted by your worship.
You visited 18 branches of the dungeon, and saw 90 of its levels.
You visited Pandemonium 1 time, and saw 16 of its levels.
You visited the Abyss 3 times.
You also visited: Trove, Sewer, Bailey, Ice Cave and Wizlab.

You collected 21404 gold pieces.
You spent 9913 gold pieces at shops.

Inventory:

Hand Weapons
 a - the +10 morningstar "Eos" (weapon) {elec, Halo rElec}
   (You bought it in a shop on level 4 of the Dungeon)

   Occasionally, upon striking a foe, it can discharge electrical energy and
   cause terrible harm.
   It insulates you from electricity.
 p - the +7 lajatang of Order {silver, rMut}
   (You acquired it on level 4 of the Lair of Beasts)

   It protects you from mutation.
 y - the +9 staff of Wucad Mu {*channel}
   (You acquired it on level 4 of the Depths)
 W - the +6 Majin-Bo {vamp, MP+6 Int+6}
   (You took it off a Hellbinder in a wizard's laboratory)

   It inflicts no extra harm, but heals its wielder when it wounds a living foe.
   It affects your intelligence (+6).
   It affects your magic capacity (+6).
Missiles
 X - 28 silver javelins (quivered)
Armour
 c - the +2 helmet "Madairch Gyud" {rF- Will+++ rCorr SInv}
   (You acquired it in Pandemonium)

   It makes you vulnerable to fire.
   It affects your willpower, your defense against some magical effects.
   It lets you see invisible.
   It provides partial protection from all sources of acid and corrosion.
 h - the +2 pair of boots "Moriwarch" {Str+2 Int+2 SInv}
   (You found it on level 3 of the Elven Halls)

   It affects your strength (+2).
   It affects your intelligence (+2).
   It lets you see invisible.
 m - a +5 kite shield of resistance (worn)
 n - a +2 pair of gloves of archery (worn)
 o - a scarf of resistance (worn)
 s - the +2 pair of boots of Pek Epa (worn) {MP+9 Str+3}
   (You found it on level 1 of the Tomb of the Ancients)

   It affects your strength (+3).
   It affects your magic capacity (+9).
 w - the +4 plate armour of the Lute (worn) {*Slow rF+++ Int+10 Dex-3}
   (You bought it in a shop on level 6 of the Dungeon)

   It affects your intelligence (+10).
   It affects your dexterity (-3).
   It renders you almost immune to fire.
   It may slow you when you take damage.
 B - a +2 helmet of intelligence
Jewellery
 e - an uncursed ring of resist corrosion
 g - the ring "Ungicyng" (left hand) {Wiz rN++}
   (You acquired it on level 5 of the Vaults)

   [ring of wizardry]

   It improves your spell success rate.
   It greatly protects you from negative energy.
 D - the ring "Jabiol" {rF+ Will+ Int+6}
   (You found it in a wizard's laboratory)

   [ring of intelligence]

   It affects your intelligence (+6).
   It protects you from fire.
   It affects your willpower, your defense against some magical effects.
 E - the ring "Guluatip" (on amulet) {rF- rN+ Will+ Int+8 Dex-3}
   (You found it on level 5 of the Vaults)

   [ring of positive energy]

   It affects your intelligence (+8).
   It affects your dexterity (-3).
   It makes you vulnerable to fire.
   It protects you from negative energy.
   It affects your willpower, your defense against some magical effects.
 U - the macabre finger necklace (around neck) {rN+}
   (You found it on level 3 of the Lair of Beasts)

   [amulet of nothing]

   It protects you from negative energy.
 V - the ring of Puoci (right hand) {rPois rC++ Int+6}
   (You found it on level 5 of the Vaults)

   [ring of intelligence]

   It affects your intelligence (+6).
   It greatly protects you from cold.
   It protects you from poison.
Wands
 J - a wand of acid (31)
 M - a wand of digging (10)
 Y - a wand of iceblast (42)
Scrolls
 d - 5 scrolls of identify
 i - 29 scrolls of remove curse
 j - 17 scrolls of teleportation
 k - 2 scrolls of blinking
 l - a scroll of silence
 t - 2 scrolls of summoning
 x - a scroll of amnesia
 A - 3 scrolls of magic mapping
 L - 18 scrolls of enchant weapon
 N - 13 scrolls of fear
 Q - 4 scrolls of fog
 T - 3 scrolls of holy word
Potions
 b - 4 potions of might
 f - 4 potions of resistance
 q - 2 potions of cancellation
 r - 2 potions of heal wounds
 u - 3 potions of ambrosia
 v - 4 potions of flight
 H - 6 potions of invisibility
 I - 9 potions of curing
 P - a potion of brilliance
Books
 R - a manual of Axes
Miscellaneous
 F - a lightning rod (4/4)
 G - a tin of tremorstones (2/2)
 K - a phial of floods
 O - a box of beasts
 S - a condenser vane
 Z - a phantom mirror


   Skills:
 + Level 24.2 Fighting
 + Level 24.0 Short Blades
 + Level 24.0 Long Blades
 O Level 27 Axes
 + Level 24.0 Maces & Flails
 + Level 24.0 Polearms
 + Level 24.0 Staves
 + Level 24.0 Slings
 + Level 24.0 Bows
 + Level 24.0 Crossbows
 + Level 24.1 Throwing
 + Level 24.0 Armour
 + Level 24.0 Dodging
 + Level 24.1 Stealth
 + Level 24.0 Shields
 + Level 24.2 Unarmed Combat
 + Level 24.0 Spellcasting
 + Level 20.9 Conjurations
 + Level 20.9 Hexes
 + Level 20.9 Summonings
 + Level 20.9 Necromancy
 + Level 20.9 Translocations
 + Level 24.4 Transmutations
 + Level 20.9 Fire Magic
 + Level 20.9 Ice Magic
 + Level 20.9 Air Magic
 + Level 20.9 Earth Magic
 + Level 21.3 Poison Magic
 + Level 25.7 Invocations
 + Level 24.1 Evocations


You had 2 spell levels left.
You knew the following spells:

 Your Spells              Type           Power        Failure   Level
a - Apportation           Tloc           100%         1%          1
b - Blink                 Tloc           N/A          1%          2
d - Vampiric Draining     Necr           80%          1%          3
f - Fire Storm            Conj/Fire      80%          3%          9
i - Ignition              Fire           80%          1%          8
l - Lehudib's Crystal Sp  Conj/Erth      80%          1%          8
q - Leda's Liquefaction   Hex/Erth       80%          1%          4
r - Ozocubu's Refrigerat  Ice            80%          1%          6
s - Sublimation of Blood  Necr           80%          1%          2
v - Summon Mana Viper     Hex/Summ       100%         1%          5
z - Spellforged Servitor  Conj/Summ      80%          1%          7
P - Passwall              Tmut/Erth      100%         1%          2
S - Statue Form           Tmut/Erth      100%         1%          6
Z - Absolute Zero         Ice            80%          3%          9

Your spell library contained the following spells:

 Spells                   Type           Power        Failure   Level
 Animate Skeleton         Necr           100%         1%          1
 Beastly Appendage        Tmut           100%         1%          1
 Corona                   Hex            100%         1%          1
 Foxfire                  Conj/Fire      100%         1%          1
 Freeze                   Ice            100%         1%          1
 Magic Dart               Conj           100%         1%          1
 Pain                     Necr           100%         1%          1
 Sandblast                Erth           100%         1%          1
 Shock                    Conj/Air       100%         1%          1
 Sting                    Tmut/Pois      100%         1%          1
 Summon Small Mammal      Summ           100%         1%          1
 Call Imp                 Summ           100%         1%          2
 Corpse Rot               Necr/Air       N/A          1%          2
 Ensorcelled Hibernation  Hex/Ice        100%         1%          2
 Poisonous Vapours        Pois/Air       100%         1%          2
 Searing Ray              Conj           100%         1%          2
 Slow                     Hex            100%         1%          2
 Swiftness                Air            100%         1%          2
 Wereblood                Tmut           100%         1%          2
 Confusing Touch          Hex            100%         1%          3
 Conjure Flame            Conj/Fire      100%         1%          3
 Dazzling Flash           Conj/Hex       100%         1%          3
 Frozen Ramparts          Ice            100%         1%          3
 Gell's Gravitas          Tloc           80%          1%          3
 Ignite Poison            Fire/Tmut/Pois 100%         1%          3
 Inner Flame              Hex/Fire       100%         1%          3
 Lesser Beckoning         Tloc           80%          1%          3
 Mephitic Cloud           Conj/Pois/Air  100%         1%          3
 Ozocubu's Armour         Ice            100%         1%          3
 Portal Projectile        Hex/Tloc       100%         1%          3
 Spider Form              Tmut/Pois      83%          1%          3
 Static Discharge         Conj/Air       100%         1%          3
 Stone Arrow              Conj/Erth      100%         1%          3
 Summon Guardian Golem    Hex/Summ       100%         1%          3
 Teleport Other           Tloc           100%         1%          3
 Tukima's Dance           Hex            100%         1%          3
 Airstrike                Air            80%          1%          4
 Animate Dead             Necr           80%          1%          4
 Cause Fear               Hex            80%          1%          4
 Dispel Undead            Necr           100%         1%          4
 Fulminant Prism          Conj/Hex       80%          1%          4
 Hailstorm                Conj/Ice       100%         1%          4
 Ice Form                 Ice/Tmut       100%         1%          4
 Iskenderun's Mystic Bla  Conj/Tloc      100%         1%          4
 Olgreb's Toxic Radiance  Pois           100%         1%          4
 Passage of Golubria      Tloc           N/A          1%          4
 Petrify                  Tmut/Erth      100%         1%          4
 Sticky Flame             Conj/Fire      100%         1%          4
 Summon Ice Beast         Ice/Summ       100%         1%          4
 Summon Lightning Spire   Summ/Air       100%         1%          4
 Agony                    Necr           100%         1%          5
 Alistair's Intoxication  Tmut/Pois      100%         1%          5
 Blade Hands              Tmut           84%          1%          5
 Bolt of Magma            Conj/Fire/Erth 80%          1%          5
 Borgnjor's Vile Clutch   Necr/Erth      80%          1%          5
 Excruciating Wounds      Necr           80%          1%          5
 Fireball                 Conj/Fire      80%          1%          5
 Irradiate                Conj/Tmut      82%          1%          5
 Lee's Rapid Deconstruct  Erth           80%          1%          5
 Lightning Bolt           Conj/Air       80%          1%          5
 Metabolic Englaciation   Hex/Ice        80%          1%          5
 Silence                  Hex/Air        80%          1%          5
 Summon Forest            Summ/Tloc      80%          1%          5
 Yara's Violent Unravell  Hex/Tmut       82%          1%          5
 Conjure Ball Lightning   Conj/Air       80%          1%          6
 Death Channel            Necr           80%          1%          6
 Dispersal                Tloc           80%          1%          6
 Eringya's Noxious Bog    Tmut/Pois      83%          1%          6
 Freezing Cloud           Conj/Ice/Air   80%          1%          6
 Hydra Form               Tmut           84%          1%          6
 Invisibility             Hex            100%         1%          6
 Iron Shot                Conj/Erth      80%          1%          6
 Shadow Creatures         Summ           N/A          1%          6
 Simulacrum               Ice/Necr       80%          1%          6
 Starburst                Conj/Fire      80%          1%          6
 Dragon Form              Tmut           84%          1%          7
 Malign Gateway           Summ/Tloc      80%          1%          7
 Monstrous Menagerie      Summ           80%          1%          7
 Orb of Destruction       Conj           80%          1%          7
 Summon Greater Demon     Summ           80%          1%          7
 Summon Hydra             Summ           80%          1%          7
 Chain Lightning          Conj/Air       80%          1%          8
 Discord                  Hex            80%          1%          8
 Disjunction              Tloc           80%          1%          8
 Summon Horrible Things   Summ           80%          1%          8
 Shatter                  Erth           80%          3%          9
 Tornado                  Air            80%          3%          9


Dungeon Overview and Level Annotations

Branches:
Dungeon (15/15)            Temple (1/1) D:6            Lair (6/6) D:10
 Shoals (4/4) Lair:2       Spider (4/4) Lair:2        Slime (5/5) Lair:5
    Orc (2/2) D:9             Elf (3/3) Orc:2        Vaults (5/5) D:13
  Crypt (3/3) Vaults:3       Tomb (3/3) Crypt:3      Depths (5/5) D:15
   Hell (visited)             Dis (7/7) Hell            Geh (7/7) Hell
    Coc (7/7) Hell            Tar (7/7) Hell            Zot (5/5) Depths:5
  Sewer (visited)          Bailey (visited)           IceCv (visited)
 WizLab (visited)

Altars:
Ashenzari
Cheibriados
Dithmenos
Elyvilon
Fedhas
Gozag
Hepliaklqana
Kikubaaqudgha
Makhleb
Nemelex Xobeh
Okawaru
Qazlal
Ru
Sif Muna
Trog
Uskayaw
Vehumet
Wu Jian
Xom
Yredelemnul
The Shining One
Beogh

Shops:
D:4 *   D:6 (**=   Orc:1 *   Orc:2 [!}}   Elf:2 (   Shoals:4 [   Vaults:3 }
Depths:1 =}=   Depths:5 *

Portals:
Hell: Depths:1 Depths:2 Depths:4 Depths:5
Abyss: Depths:4 Depths:5
Pandemonium: Depths:3 Depths:4
Ziggurat: Depths:5

Annotations:
D:2 1 runed translucent door, Crazy Yiuf
D:4 exclusion: 2 downstairs
D:5 exclusions: 2 downstairs and ogre
D:6 exclusion: downstairs
D:10 Joseph
D:12 exclusion: downstairs
Lair:2 exclusion: upstairs
Spider:3 3 runed translucent doors, exclusion: 3 doors, Honosyedgha's ghost, adept GrBe
Orc:1 Erolcha
Orc:2 3 runed translucent doors, exclusion: upstairs, xraymikek's ghost, journeyman SpEn
Elf:2 3 runed translucent doors
Vaults:2 2 transporters
Vaults:4 exclusion: upstairs
Depths:3 exclusion: downstairs
Zot:3 3 runed translucent doors, Qiose's ghost, legendary GnFi


Innate Abilities, Weirdness & Mutations

Your experience applies equally to all skills.
You have very sharp teeth.
Your uncanny sense of smell can sniff out nearby items.
You have a pair of small horns on your head.
You are partially covered in thin metallic scales. (AC +2)
Scrolls take you a little longer to read.
Armour fits poorly on your strangely shaped body.
Your magical capacity is low. (-10% MP)
Your spells are a little harder to cast, but a little more powerful.
Potions are less effective at restoring your health.


Message History

Casting: Absolute Zero (dangerous; 3% risk of failure)
Confirm with . or Enter, or press ? or * to list all spells.
You don't know that spell.
Unknown command.
Unknown command.
Aiming: Dig
Press: ? - help, Shift-Dir - straight line A rock wall.
This square is lit by a halo and is covered in magical glow.
The rock shatters into small pieces.
Casting: Absolute Zero (dangerous; 3% risk of failure)
Confirm with . or Enter, or press ? or * to list all spells.
Aiming: Passwall (safe; 1% risk of failure)
Press: ? - help, Dir - move target A rock wall.
This square is lit by a halo and is covered in magical glow.
You begin to meditate on the wall.
You continue meditating on the rock. x2
You finish merging with the rock.
There is a staircase leading out of the dungeon here.
You have escaped!

.##....#.###.#.#...........#
.##....#.♣♣♣♣♣♣♣♣♣.#######.#
.#######.♣.......♣.# #.# .#
#.♣.PPPPP.♣.# #.# ##
#.♣.P≈≈≈P.♣.# #.#
#.♣.P≈8≈P.♣.# #.#
#.♣.P≈≈≈P.♣.# #.# ####
#.♣.PPPPP.♣.#######.# ...#
#.♣......@♣.........# ...#
#.♣♣♣♣♣.♣♣♣########## ...#
#.#.................# ...##
#.#.###############.# ....#
#.#.# #............# ....#
#.#.####.#.......#######
....#
###.#..........#.......#
###.# #.#....#...#.#..###.##
# #.# #.######...#.#..# #.#


There were no monsters in sight!

Vanquished Creatures
  Cerebov (Pan)
  Asmodeus (Geh:7)
  Antaeus (Coc:7)
  Gloorx Vloq (Pan)
  the Royal Jelly (Slime:5)
  Ereshkigal (Tar:7)
  the Serpent of Hell (Dis:7)
  Lom Lobon (Pan)
  Mnoleg (Pan)
  5 orbs of fire (Zot:5)
  Dispater (Dis:7)
  A juggernaut (Depths:3)
  4 ancient liches
  23 royal mummies
  18 shard shrikes
  Margery (Crypt:1)
  3 Killer Klowns (Zot:5)
  A curse toe (Crypt:3)
  A caustic shrike (Depths:3)
  7 golden dragons
  Geryon (Hell)
  8 bone dragons
  6 pandemonium lords (Pan)
  Arachne (Spider:3)
  11 doom hounds
  22 Brimstone Fiends
  49 Tzitzimimeh
  2 electric golems (Zot:5)
  3 iron giants (Dis:7)
  21 Orb Guardians
  9 liches
  18 Ice Fiends
  5 Hell Sentinels
  Asterion (Vaults:3)
  11 tentacled monstrosities
  A deep elf blademaster (Elf:3)
  2 deep elf master archers (Elf:3)
  3 titans
  14 acid blobs
  A quicksilver dragon (Zot:5)
  A tentacled starspawn (Abyss:2)
  7 sphinxes
  2 death cobs
  9 shadow dragons
  26 Executioners
  8 ancient champions
  4 tengu reavers
  8 storm dragons
  A draconian monk (Zot:1)
  7 revenants
  7 black suns
  13 fire giants
  12 frost giants
  10 iron dragons
  2 azure jellies (Slime:5)
  5 draconian scorchers
  4 warmongers (Pan)
  8 deep elf sorcerers
  3 draconian shifters
  20 balrugs
  13 vault wardens
  An angel (D:12)
  An orc warlord (D:13)
  Aizul (Spider:4)
  6 ghost moths
  5 deep elf elementalists (Elf:3)
  17 cacodemons
  3 curse skulls
  A spriggan defender (Depths:4)
  17 stone giants
  57 reapers
  4 emperor scorpions
  8 draconian annihilators
  10 war gargoyles
  A caustic shrike zombie (Crypt:3)
  A draconian stormcaller (Zot:5)
  The ghost of Renzlar the Quickloader, a journeyman GnFi of Okawaru (Lair:6)
  7 corrupters
  3 elemental wellsprings
  2 blood saints (Pan)
  16 ironheart preservers
  15 very ugly things
  6 bennus
  5 vampire knights
  13 lorocyprocas
  Nessos (D:14)
  7 green draconians
  5 deep elf demonologists
  A minotaur (shapeshifter) (Vaults:5)
  4 entropy weavers
  13 deep elf annihilators
  2 black draconians
  A bunyip (shapeshifter) (Vaults:5)
  An entropy weaver (shapeshifter) (Vaults:4)
  Azrael (Spider:1)
  4 red draconians
  6 yellow draconians
  7 spark wasps
  3 purple draconians
  6 white draconians
  17 blizzard demons
  21 mummy priests
  4 eidola
  9 green deaths
  3 merfolk javelineers
  8 jiangshi
  17 ettins
  6 deep elf high priests
  10 fire dragons
  5 quicksilver dragon zombies
  8 deep elf death magi
  15 yaktaur captains
  A death ooze (Slime:5)
  7 great orbs of eyes
  5 merfolk impalers
  24 vault guards
  20 ice dragons
  8 quicksilver dragon skeletons
  An ice dragon (shapeshifter) (Vaults:1)
  9 boulder beetles
  2 naga warriors (Abyss:2)
  21 hydras
  A ghost crab (Tar:7)
  4 hell beasts
  3 spriggan air magi
  6 rakshasas
  3 merfolk aquamancers
  13 ogre magi
  3 merfolk avatars
  3 death knights
  10 centaur warriors
  13 dancing weapons
  6 monstrous demonspawn (Pan)
  4 catoblepae
  2 satyrs
  38 two-headed ogres
  9 death yaks
  13 deep troll shamans
  42 death scarabs
  6 tengu warriors
  3 alligator snapping turtles
  4 vampire magi
  2 thrashing horrors
  7 deep troll earth magi
  34 hell hogs
  3 orc high priests
  45 hell knights
  8 titan zombies
  3 iron golems
  23 shadow wraiths
  51 soul eaters
  7 spriggans
  6 spriggan berserkers
  11 deep elf knights
  37 sun demons
  Nergalle (Orc:2)
  4 titan skeletons
  5 storm dragon zombies
  4 wretched stars
  4 iron trolls
  3 golden dragon zombies
  116 skeletal warriors
  A death drake (shapeshifter) (Elf:2)
  11 sea snakes
  A quicksilver dragon simulacrum (Abyss:3)
  14 flayed ghosts
  17 sixfirhies
  2 starcursed masses (Abyss:3)
  8 unseen horrors
  3 death drakes
  24 shadow demons
  3 storm dragon skeletons
  4 glowing orange brains
  4 ghost moth zombies
  8 anaconda zombies
  29 deep trolls
  22 deep elf archers
  7 gelid demonspawn
  22 necromancers
  3 infernal demonspawn (Pan)
  4 shadow dragon zombies
  5 iron dragon zombies
  5 torturous demonspawn (Pan)
  50 deep elf magi
  11 ironbrand convokers
  2 sphinx zombies
  A wolf spider (shapeshifter) (Vaults:2)
  5 wolf spider zombies
  9 anaconda skeletons
  2 golden dragon skeletons
  5 oklob plants
  7 wizards
  18 orc knights
  15 orb spiders
  18 phantasmal warriors
  A mana viper (shapeshifter) (Vaults:1)
  19 harpies
  14 cyclopes
  An orb spider (shapeshifter) (Depths:2)
  17 orc sorcerers
  9 fire giant zombies
  7 shadow dragon skeletons
  5 human zombies
  2 salamanders (Depths:2)
  4 shining eyes
  9 stone giant zombies
  24 manticores
  4 tengu skeletons
  7 frost giant zombies
  31 wolf spiders
  50 ugly things
  8 moths of wrath
  An iron dragon skeleton (Pan)
  11 fauns
  A guardian serpent (Abyss:2)
  4 vault sentinels
  38 rust devils
  7 fire giant skeletons
  2 centaur zombies
  3 water nymphs
  8 merfolk sirens
  7 stone giant skeletons
  5 dire elephant zombies
  4 ice statues
  3 molten gargoyles
  3 shock serpent zombies
  A guardian serpent (shapeshifter) (Vaults:5)
  14 cane toads
  22 smoke demons
  2 black mambas (Lair:4)
  13 orange demons
  5 frost giant skeletons
  A torpor snail (shapeshifter) (Vaults:5)
  A shock serpent skeleton (Coc:7)
  3 eyes of devastation
  5 torpor snails
  2 catoblepas zombies
  22 demonic crawlers
  2 yaktaur zombies
  3 rime drakes
  An anaconda simulacrum (Hell)
  2 kobold demonologists
  An emperor scorpion zombie (Dis:7)
  43 hellions
  5 efreet
  3 spriggan zombies (Hell)
  58 guardian mummies
  39 freezing wraiths
  43 tormentors
  8 komodo dragons
  2 dire elephant skeletons
  43 ice devils
  3 ancient zymes
  A ghost moth simulacrum (Hell)
  A black draconian skeleton (Hell)
  72 yaktaurs
  3 tengu conjurers
  31 red devils
  6 hydra zombies
  25 hellwings
  44 jumping spiders
  4 silent spectres
  2 catoblepas skeletons
  27 merfolk
  13 polar bears
  A grey draconian skeleton (Crypt:3)
  2 harpy zombies
  A hornet (shapeshifter) (Vaults:4)
  12 wind drakes
  11 hornets
  2 wolf spider simulacra
  A shadow dragon simulacrum (Vaults:5)
  6 hydra skeletons
  6 trolls
  11 blink frogs
  An iron dragon simulacrum (Coc:6)
  Grinder (D:3)
  A harpy skeleton (Coc:4)
  53 slime creatures
  Prince Ribbit (D:7)
  7 snapping turtles
  6 alligator zombies
  5 fire dragon zombies
  A boulder beetle zombie (Vaults:2)
  7 ettin zombies
  9 ice dragon zombies
  14 dream sheep
  2 frost giant simulacra
  8 ettin skeletons
  2 meliai zombies (D:15)
  21 large abominations
  A spriggan (shapeshifter) (Elf:3)
  154 flying skulls
  22 shadows
  55 redbacks
  34 wraiths
  15 ynoxinuls
  41 water elementals
  3 alligator skeletons
  A tarantella (shapeshifter) (Vaults:5)
  2 fire dragon skeletons (Tar:7)
  3 ice dragon skeletons
  A redback (shapeshifter) (Elf:2)
  17 fire elementals
  28 tarantellas
  5 fire bats
  2 vampires (D:15)
  15 ushabtiu
  90 yaks
  A dire elephant simulacrum (Coc:7)
  11 golden eyes (Slime:5)
  6 wyverns
  23 neqoxecs
  Grum (D:11)
  6 basilisks
  A basilisk (shapeshifter) (Vaults:1)
  2 black mamba skeletons
  3 vampire mosquitoes (Spider:3)
  2 steam dragons
  13 chaos spawn
  9 wargs
  4 tengu zombies
  2 acid dragons
  Duvessa (D:5)
  8 cane toad zombies
  A naga (Abyss:2)
  A water moccasin (shapeshifter) (Abyss:2)
  A deep troll zombie (Crypt:3)
  A merfolk skeleton (Geh:5)
  4 floating eyes
  103 hell hounds
  A hydra simulacrum (Coc:7)
  An infernal demonspawn skeleton (Pan)
  13 water moccasins
  3 elf zombies
  12 ice beasts
  6 sky beasts
  2 black bears
  4 snapping turtle zombies
  A cane toad skeleton (Hell)
  An eye of draining (shapeshifter) (Depths:4)
  26 ogres
  68 orc warriors
  27 necrophages
  A sky beast (shapeshifter) (D:13)
  An ettin simulacrum (Vaults:2)
  3 manticore zombies
  An alligator simulacrum (Hell)
  14 eyes of draining
  9 phantoms
  16 boggarts
  19 centaurs
  A manticore skeleton (Crypt:1)
  29 wolves
  2 snapping turtle skeletons
  A swamp dragon skeleton (Geh:7)
  4 big kobolds
  28 bullfrogs
  5 earth elementals
  2 elf skeletons
  An octopode zombie (Crypt:3)
  A gnoll sergeant (D:9)
  A cane toad simulacrum (Coc:7)
  Dowan (D:5)
  5 scorpions
  A swamp dragon simulacrum (Hell)
  A snapping turtle simulacrum (Coc:5)
  76 wights
  4 howler monkeys
  3 spriggan skeletons
  5 small abominations
  A troll skeleton (Tar:5)
  An electric eel (Lair:3)
  11 crimson imps
  6 quasits
  4 hounds
  2 human simulacra
  2 jellies
  7 centaur skeletons
  30 orc priests
  A soldier ant zombie (Crypt:1)
  48 orc wizards
  2 bullfrog skeletons
  26 iron imps
  2 demonspawn skeletons (Crypt:3)
  5 human skeletons
  3 iguanas
  11 worker ants
  2 ogre zombies (Dis:7)
  An acid dragon skeleton (Crypt:1)
  A hound skeleton (D:6)
  42 mummies
  A howler monkey skeleton (D:4)
  16 adders
  18 shadow imps
  25 white imps
  6 ufetubi
  8 oozes
  An adder zombie (D:8)
  A halfling skeleton (Crypt:3)
  2 worms
  2 dart slugs
  17 leopard geckos
  115 orcs
  7 ball pythons (Sewer)
  11 bats
  18 giant cockroaches
  15 goblins
  8 hobgoblins
  17 jackals
  3 quokkas
  10 frilled lizards
  A frilled lizard skeleton (Crypt:1)
  23 kobolds
  A kobold skeleton (Tar:2)
  2 kobold zombies
  A leopard gecko skeleton (D:8)
  A quokka skeleton (Crypt:1)
  A quokka zombie (D:6)
  10 rats
  26 blocks of ice
  A bush (Abyss:3)
  2 crawling corpses (Elf:3)
  12 fire vortices
  A starspawn tentacle (Abyss:2)
  2 withered plants (D:15)
4580 creatures vanquished.

Vanquished Creatures (collateral kills)
  An orb of fire (Zot:5)
  A shard shrike (Coc:4)
  3 royal mummies
  A golden dragon (Vaults:4)
  5 bone dragons
  A Hellbinder (WizLab)
  3 doom hounds
  4 Brimstone Fiends (Geh:7)
  6 Tzitzimimeh
  2 liches
  3 Ice Fiends
  4 tentacled monstrosities
  3 Hell Sentinels (Dis:7)
  2 Orb Guardians (Zot:5)
  12 acid blobs
  An Executioner (Pan)
  3 sphinxes
  The ghost of Tang the Devastator, an adept TeAE of Sif Muna (Shoals:1)
  5 shadow dragons
  10 ancient champions
  3 storm dragons
  A draconian monk (Zot:1)
  A tengu reaver (Depths:3)
  4 azure jellies (Slime:5)
  3 frost giants
  A draconian knight (Zot:2)
  3 revenants
  A ghost moth (Pan)
  An iron dragon (Dis:7)
  8 cacodemons
  4 fire giants
  A juggernaut zombie (Crypt:3)
  A vault warden (Vaults:2)
  A draconian scorcher (Zot:5)
  10 balrugs
  5 war gargoyles (Dis:7)
  A ghoul (Crypt:3)
  11 very ugly things
  2 elemental wellsprings
  2 blood saints (Pan)
  42 reapers
  6 stone giants
  A draconian annihilator (Zot:5)
  A green draconian (Zot:1)
  An ironheart preserver (Vaults:5)
  2 black suns (Pan)
  4 vampire knights
  2 black draconians (Zot:5)
  A purple draconian (Zot:1)
  A lorocyproca (Pan)
  A deep elf annihilator (Elf:3)
  3 red draconians
  2 white draconians
  2 merfolk javelineers
  2 yellow draconians
  5 ettins
  2 green deaths (Pan)
  4 merfolk impalers
  A fire dragon (Depths:3)
  4 quicksilver dragon zombies
  5 death oozes (Slime:5)
  10 blizzard demons
  A deep elf death mage (Depths:5)
  4 mummy priests
  2 great orbs of eyes
  3 yaktaur captains
  A rakshasa (Depths:3)
  3 monstrous demonspawn (Pan)
  A vault guard (Vaults:4)
  10 ice dragons
  A death knight (Crypt:3)
  3 merfolk aquamancers
  2 tengu warriors (Depths:4)
  9 two-headed ogres
  5 dancing weapons
  A death scarab (Tomb:1)
  2 deep troll shamans (Depths:5)
  8 deep troll earth magi
  Urug (Orc:1)
  7 hell hogs
  A thrashing horror (Abyss:2)
  A vampire mage (Crypt:2)
  6 hell knights
  A storm dragon zombie (Geh:7)
  8 soul eaters
  3 deep elf knights
  18 sun demons
  9 sixfirhies (Pan)
  A titan zombie (Tar:7)
  An iron golem (Geh:2)
  5 titan skeletons
  4 iron trolls
  3 golden dragon zombies
  33 skeletal warriors
  4 shadow wraiths
  2 wretched stars (Abyss:2)
  3 shadow demons
  A flayed ghost (Depths:5)
  A ghost moth zombie (Geh:7)
  20 large abominations (Pan)
  2 deep trolls
  4 gelid demonspawn
  2 infernal demonspawn (Pan)
  3 torturous demonspawn (Pan)
  An anaconda zombie (Dis:2)
  An anaconda skeleton (Hell)
  A wolf spider zombie (Geh:7)
  A glowing orange brain (Depths:5)
  A golden dragon skeleton (Geh:3)
  2 shadow dragon zombies
  2 necromancers
  5 phantasmal warriors
  2 wizards (Pan)
  2 orc knights
  A fire giant zombie (Tar:1)
  An iron dragon zombie (Geh:7)
  2 stone giant zombies
  A moth of wrath (Zot:1)
  4 ugly things
  2 frost giant zombies
  9 deep elf magi
  3 iron dragon skeletons
  A shadow dragon skeleton (Coc:1)
  A stone giant skeleton (Coc:6)
  3 dire elephant zombies
  A moth of wrath (shapeshifter) (Depths:4)
  2 frost giant skeletons
  3 fire giant skeletons
  2 merfolk sirens
  13 rust devils
  2 vault sentinels
  A shock serpent zombie (Geh:7)
  3 eyes of devastation (Slime:5)
  4 molten gargoyles (Geh:7)
  A shock serpent skeleton (Dis:7)
  6 yaktaurs
  12 smoke demons
  7 orange demons (Pan)
  2 hellions
  A gargoyle (D:10)
  4 efreet (Pan)
  16 freezing wraiths
  3 dire elephant skeletons
  9 guardian mummies
  13 ice devils
  16 red devils
  9 hellwings (Pan)
  8 demonic crawlers
  3 hydra zombies
  A jumping spider (Spider:3)
  A troll (Elf:1)
  8 merfolk
  2 harpy skeletons
  A hornet (Spider:4)
  3 raiju (Abyss:2)
  4 hydra skeletons
  A wind drake (Shoals:4)
  An alligator zombie (Coc:5)
  7 slime creatures
  3 ettin zombies
  21 flying skulls
  3 ice dragon zombies
  4 ice dragon skeletons
  A spriggan zombie (Hell)
  3 fire dragon zombies
  3 ettin skeletons
  2 spriggans
  A redback (Spider:3)
  An alligator skeleton (Hell)
  4 shadows
  2 fire dragon skeletons
  8 ynoxinuls (Pan)
  A tarantella (shapeshifter) (Vaults:1)
  4 water elementals
  A tyrant leech zombie (Crypt:1)
  4 wraiths
  6 ushabtiu
  A fire bat (shapeshifter) (Depths:3)
  2 black mamba skeletons
  A neqoxec (Pan)
  4 fire elementals
  6 chaos spawn (Pan)
  6 hell hounds
  2 cane toad zombies
  6 orc warriors
  An ettin simulacrum (Coc:4)
  An ice beast (Coc:4)
  A swamp dragon zombie (Tar:7)
  A cane toad skeleton (Hell)
  A manticore zombie (Tar:1)
  An alligator simulacrum (Coc:2)
  5 necrophages
  6 snapping turtle zombies
  9 ogres
  5 eyes of draining (Slime:5)
  2 phantoms
  3 snapping turtle skeletons
  A swamp dragon skeleton (Coc:7)
  A centaur (Depths:2)
  A rime drake zombie (Crypt:2)
  A scorpion (D:9)
  A human simulacrum (Vaults:1)
  8 wights
  A centaur zombie (Geh:6)
  A crimson imp (Geh:7)
  An elf simulacrum (Hell)
  An orc priest (Vaults:1)
  5 iron imps
  A human skeleton (Geh:4)
  15 mummies
  A swamp drake zombie (Crypt:1)
  An adder (D:9)
  5 shadow imps
  12 white imps
  An ufetubus (Abyss:2)
  9 orcs
  A frilled lizard zombie (Crypt:2)
  A block of ice (Dis:7)
  A starspawn tentacle (Abyss:2)
859 creatures vanquished.

Vanquished Creatures (others)
  A tengu reaver (Depths:3)
  A blood saint (Pan)
  A vault guard (Vaults:5)
  A deep elf knight (Elf:3)
  An orange demon (Pan)
  A rime drake (IceCv)
  A jumping spider (Spider:1)
  A polar bear (IceCv)
  2 redbacks (Spider:1)
  14 dancing weapons
  An iron imp (Dis:7)
  4 ball lightnings (Pan)
  126 blocks of ice
  2 demonic plants (Abyss:3)
  182 fire vortices
  22 fungi
  A lurking horror (Abyss:2)
  159 plants
  6 starspawn tentacles (Abyss:2)
  9 withered plants (D:15)
536 creatures vanquished.

Grand Total: 5975 creatures vanquished

Notes
Turn   | Place    | Note
-------+----------+-------------------------------------------
     0 | D:1      | evanesce the Gnoll Wanderer began the quest for the Orb.
     0 | D:1      | evanesce set off with the following items: a +0
                  | quarterstaff, a potion of haste, a potion of heal wounds, a
                  | potion of curing, a +0 robe
     0 | D:1      | Reached XP level 1. HP: 20/20 MP: 1/1
   218 | D:1      | Reached XP level 2. HP: 22/26 MP: 2/2
   432 | D:1      | Reached XP level 3. HP: 22/31 MP: 3/3
  1292 | D:2      | Reached skill level 1 in Invocations
  1476 | D:2      | Found a sparkling altar of Nemelex Xobeh.
  1524 | D:2      | Reached skill level 1 in Short Blades
  1524 | D:2      | Reached skill level 1 in Long Blades
  1524 | D:2      | Reached skill level 1 in Axes
  1524 | D:2      | Reached skill level 1 in Maces & Flails
  1524 | D:2      | Reached skill level 1 in Polearms
  1524 | D:2      | Reached skill level 1 in Staves
  1524 | D:2      | Reached skill level 1 in Slings
  1524 | D:2      | Reached skill level 1 in Bows
  1524 | D:2      | Reached skill level 1 in Crossbows
  1524 | D:2      | Reached skill level 1 in Armour
  1524 | D:2      | Reached skill level 1 in Dodging
  1524 | D:2      | Reached skill level 1 in Shields
  1524 | D:2      | Reached skill level 1 in Spellcasting
  1855 | D:2      | Reached XP level 4. HP: 34/38 MP: 5/5
  2772 | D:2      | Reached skill level 1 in Conjurations
  2772 | D:2      | Reached skill level 1 in Hexes
  2772 | D:2      | Reached skill level 1 in Summonings
  2772 | D:2      | Reached skill level 1 in Necromancy
  2772 | D:2      | Reached skill level 1 in Translocations
  2772 | D:2      | Reached skill level 1 in Transmutations
  2772 | D:2      | Reached skill level 1 in Fire Magic
  2772 | D:2      | Reached skill level 1 in Ice Magic
  2772 | D:2      | Reached skill level 1 in Air Magic
  2772 | D:2      | Reached skill level 1 in Earth Magic
  2976 | D:2      | Found a runed translucent door.
  3006 | D:2      | Noticed Crazy Yiuf
  3409 | D:3      | Found a radiant altar of Vehumet.
  3571 | D:3      | Found a sacrificial altar of Ru.
  3601 | D:3      | Found a hide-covered altar of Uskayaw.
  3610 | D:3      | Reached XP level 5. HP: 43/43 MP: 6/6
  3622 | D:3      | Found a burning altar of Makhleb.
  3845 | D:3      | Found a stormy altar of Qazlal.
  3846 | D:3      | Noticed a water elemental
  3847 | D:3      | Noticed an air elemental
  3847 | D:3      | Noticed a fire elemental
  4139 | D:3      | Noticed Grinder
  4155 | D:3      | Paralysed by Grinder for 6 turns
  4165 | D:3      | Paralysed by Grinder for 2 turns
  4197 | D:3      | Killed Grinder
  4198 | D:3      | Reached skill level 5 in Fighting
  4198 | D:3      | Reached skill level 2 in Axes
  4198 | D:3      | Reached skill level 5 in Unarmed Combat
  4198 | D:3      | Reached XP level 6. HP: 51/51 MP: 7/9
  4632 | D:4      | Found a broken altar of Ashenzari.
  4966 | D:4      | Found Coacodoi's General Store.
  4971 | D:4      | Bought a scroll of blinking for 97 gold pieces
  5663 | D:5      | Entered Level 5 of the Dungeon
  5802 | D:5      | Noticed Duvessa
  5802 | D:5      | Noticed Dowan
  6112 | D:5      | Reached XP level 7. HP: 41/56 MP: 10/10
  7024 | D:5      | Found an opulent altar of Gozag.
  7331 | D:5      | Killed Duvessa
  7332 | D:5      | Reached XP level 8. HP: 63/63 MP: 12/12
  7697 | D:5      | Killed Dowan
  7698 | D:5      | Reached skill level 3 in Axes
  8639 | D:6      | Found a staircase to the Ecumenical Temple.
  8646 | D:6      | Found Barphasoa's Assorted Antiques.
  8731 | D:6      | Found a shimmering altar of Xom.
  8919 | D:6      | Found Ybbuify's General Store.
  8935 | D:6      | Bought a +0 pair of boots for 45 gold pieces
  8940 | D:6      | Found a glowing drain.
  8960 | Sewer    | Entered a sewer
  9348 | Temple   | Entered the Ecumenical Temple
  9547 | D:6      | Found Duco's Jewellery Boutique.
 10254 | D:6      | Reached XP level 9. HP: 65/69 MP: 14/14
 10378 | D:6      | Found Bulynk's Weapon Boutique.
 10666 | Temple   | Became a worshipper of Cheibriados the Contemplative
 10694 | D:7      | Noticed Prince Ribbit
 10856 | D:7      | Reached skill level 4 in Axes
 11016 | D:7      | Killed Prince Ribbit
 11017 | D:7      | Reached skill level 5 in Throwing
 11017 | D:7      | Reached skill level 5 in Evocations
 11121 | D:7      | Reached skill level 5 in Stealth
 11265 | D:7      | Reached * piety under Cheibriados
 11266 | D:7      | Reached skill level 5 in Invocations
 11673 | D:8      | Learned a level 2 spell: Passwall
 11677 | D:8      | Learned a level 3 spell: Dazzling Flash
 11681 | D:8      | Learned a level 3 spell: Stone Arrow
 11684 | D:8      | Learned a level 2 spell: Ensorcelled Hibernation
 11949 | D:8      | Reached XP level 10. HP: 70/77 MP: 13/17
 11957 | D:8      | Reached ** piety under Cheibriados
 12362 | D:9      | Found a staircase to the Orcish Mines.
 12397 | D:9      | Reached skill level 5 in Short Blades
 12397 | D:9      | Reached skill level 5 in Long Blades
 12397 | D:9      | Reached skill level 5 in Axes
 12397 | D:9      | Reached skill level 5 in Maces & Flails
 12397 | D:9      | Reached skill level 5 in Polearms
 12397 | D:9      | Reached skill level 5 in Staves
 12397 | D:9      | Reached skill level 5 in Slings
 12397 | D:9      | Reached skill level 5 in Bows
 12397 | D:9      | Reached skill level 5 in Crossbows
 12397 | D:9      | Reached skill level 5 in Armour
 12397 | D:9      | Reached skill level 5 in Dodging
 12397 | D:9      | Reached skill level 5 in Shields
 12397 | D:9      | Reached skill level 5 in Spellcasting
 12403 | D:9      | Learned a level 3 spell: Tukima's Dance
 12427 | D:9      | Found a snail-covered altar of Cheibriados.
 12454 | D:9      | Got a dazzling morningstar
 12477 | D:9      | Identified the +8 morningstar "Jomuth" {freeze, Int+2} (You
                  | found it on level 9 of the Dungeon)
 12871 | D:9      | Learned a level 3 spell: Conjure Flame
 13006 | D:9      | Reached *** piety under Cheibriados
 13256 | D:9      | Noticed a cyclops
 13318 | D:10     | Entered Level 10 of the Dungeon
 13649 | D:10     | Noticed Joseph
 13687 | D:10     | Noticed a gargoyle
 13697 | D:10     | Killed a gargoyle
 13939 | D:10     | Found a staircase to the Lair.
 14211 | Lair:1   | Entered Level 1 of the Lair of Beasts
 14216 | Lair:1   | Noticed a cane toad
 14239 | Lair:1   | Noticed a cane toad
 14306 | Lair:1   | Killed a cane toad
 14447 | Lair:1   | Noticed a cane toad
 14614 | D:10     | Killed a cane toad
 14615 | D:10     | Reached XP level 11. HP: 32/84 MP: 6/19
 15059 | Lair:1   | Reached skill level 6 in Axes
 15089 | Lair:1   | Reached skill level 5 in Conjurations
 15089 | Lair:1   | Reached skill level 5 in Hexes
 15089 | Lair:1   | Reached skill level 5 in Summonings
 15089 | Lair:1   | Reached skill level 5 in Necromancy
 15089 | Lair:1   | Reached skill level 5 in Translocations
 15089 | Lair:1   | Reached skill level 5 in Transmutations
 15089 | Lair:1   | Reached skill level 5 in Fire Magic
 15089 | Lair:1   | Reached skill level 5 in Ice Magic
 15089 | Lair:1   | Reached skill level 5 in Air Magic
 15089 | Lair:1   | Reached skill level 5 in Earth Magic
 15261 | Lair:1   | Reached **** piety under Cheibriados
 16477 | Lair:1   | Noticed an oklob plant
 16477 | Lair:1   | Noticed an oklob plant
 16813 | Orc:1    | Entered Level 1 of the Orcish Mines
 17205 | Orc:1    | You fall into a shaft and drop 1 floor!
 17205 | Orc:2    | Entered Level 2 of the Orcish Mines
 17253 | Orc:2    | Noticed an orc sorcerer
 17257 | Orc:2    | Killed an orc sorcerer
 17267 | Orc:2    | Noticed an orc sorcerer
 17272 | Orc:2    | Noticed a sun demon
 17276 | Orc:2    | Killed an orc sorcerer
 17454 | Orc:2    | Noticed an orc sorcerer
 17461 | Orc:2    | Noticed a naga warrior
 17461 | Orc:2    | Noticed a merfolk impaler
 17462 | Orc:2    | Found a runed translucent gate.
 17462 | Orc:2    | Found a runed translucent gate.
 17462 | Orc:2    | Noticed a centaur warrior
 17462 | Orc:2    | Noticed a tengu warrior
 17523 | Orc:2    | Killed an orc sorcerer
 17598 | Orc:2    | Reached ***** piety under Cheibriados
 17598 | Orc:2    | Noticed an orc sorcerer
 17605 | Orc:2    | Killed an orc sorcerer
 17606 | Orc:2    | Reached XP level 12. HP: 93/93 MP: 5/22
 17838 | Orc:2    | Found Obepseobb's Gadget Shop.
 17938 | Orc:2    | Found a radiant altar of Vehumet.
 17938 | Orc:2    | Noticed an ogre mage
 17941 | Orc:2    | Reached skill level 7 in Axes
 17945 | Orc:2    | Killed an ogre mage
 17963 | Orc:2    | Noticed a soul eater
 18208 | Orc:2    | Found Hatihac's Gadget Boutique.
 18300 | Orc:2    | Noticed Nergalle
 18307 | Orc:2    | Killed Nergalle
 18446 | Orc:2    | Found an ancient bone altar of Kikubaaqudgha.
 18498 | Orc:2    | Found a roughly hewn altar of Beogh.
 18518 | Orc:2    | Found Jaeguisy's Distillery.
 18524 | Orc:2    | Found Kuurhu's Antique Armour Shop.
 18527 | Orc:2    | Bought a potion of brilliance for 44 gold pieces
 18536 | Orc:2    | Bought a pair of glowing gloves for 172 gold pieces
 18541 | Orc:2    | Bought a sapphire-encrusted plate armour for 644 gold
                  | pieces
 18551 | Orc:2    | Identified the +7 plate armour of Ficvoder {Int+3} (You
                  | bought it in a shop on level 2 of the Orcish Mines)
 18907 | Orc:2    | Found a staircase to the Elven Halls.
 19012 | Orc:2    | Found a runed translucent gate.
 19012 | Orc:2    | Found an iron altar of Okawaru.
 19012 | Orc:2    | Noticed xraymikek's ghost (journeyman SpEn)
 19035 | Orc:1    | Noticed Erolcha
 19058 | Orc:1    | Noticed an orc high priest
 19059 | Orc:1    | Noticed Urug
 19064 | Orc:1    | Killed an orc high priest
 19073 | Orc:1    | Killed Urug
 19319 | Orc:1    | Found Fewut's Assorted Antiques.
 19709 | D:9      | Learned a level 2 spell: Blink
 19713 | D:9      | Learned a level 3 spell: Mephitic Cloud
 20235 | Lair:2   | Noticed a five-headed hydra
 20248 | Lair:2   | Killed a five-headed hydra
 20644 | Lair:2   | Got a serpentine wooden ring
 20662 | Lair:2   | Reached XP level 13. HP: 101/101 MP: 20/24
 20714 | Lair:2   | Identified the ring of Ruus {rElec rF- rN+ Int+6 SInv} (You
                  | found it on level 2 of the Lair of Beasts)
 20828 | Lair:2   | Reached skill level 8 in Axes
 21149 | Lair:2   | Found a staircase to the Shoals.
 21250 | Lair:2   | Found a hole to the Spider Nest.
 21867 | Lair:3   | Found the macabre finger necklace {rN+}
 23324 | Lair:4   | Identified 2 scrolls of acquirement
 23324 | Lair:4   | Acquired the +7 lajatang of Order {silver, rMut}
 23325 | Lair:4   | Found the +7 lajatang of Order {silver, rMut}
 24318 | Lair:5   | Reached XP level 14. HP: 109/109 MP: 7/26
 24500 | Lair:5   | Reached skill level 10 in Fighting
 24500 | Lair:5   | Reached skill level 10 in Unarmed Combat
 25035 | Lair:5   | Reached skill level 9 in Axes
 25358 | Lair:6   | Entered Level 6 of the Lair of Beasts
 25430 | Lair:6   | Identified the +6 demon trident "Isughan" {vorpal, Str+4}
 25431 | Lair:6   | Noticed Renzlar's ghost (journeyman GnFi)
 25431 | Lair:6   | Identified the +5 broad axe of War {flame, Fragile +Blink
                  | rF+++ Dex-5}
 25433 | Lair:6   | Found a transporter.
 25451 | Lair:6   | Found a transporter.
 25455 | Lair:6   | Found a bloodstained altar of Trog.
 25743 | Lair:6   | Reached skill level 10 in Invocations
 25838 | Lair:6   | Reached ****** piety under Cheibriados
 26730 | Lair:6   | Acquired 967 gold pieces
 26886 | Shoals:1 | Entered Level 1 of the Shoals
 27042 | Shoals:1 | Reached skill level 10 in Throwing
 27042 | Shoals:1 | Reached skill level 10 in Evocations
 27107 | Shoals:1 | Noticed a stone giant
 27127 | Shoals:1 | Killed a stone giant
 27128 | Shoals:1 | Reached skill level 10 in Stealth
 27128 | Shoals:1 | Reached XP level 15. HP: 69/117 MP: 28/28
 27195 | Shoals:1 | Noticed a titan
 27726 | D:11     | Noticed Grum
 27743 | D:11     | Killed Grum
 27763 | D:11     | Got a distressingly furry chain mail
 27769 | D:11     | Found a flagged portal.
 27811 | Bailey   | Entered a bailey
 27922 | Bailey   | Learned a level 5 spell: Lee's Rapid Deconstruction
 28193 | Bailey   | Identified the cursed +1 chain mail of Xes Agra {Str+4}
                  | (You found it on level 11 of the Dungeon)
 28234 | Bailey   | Reached skill level 10 in Poison Magic
 28291 | Bailey   | Found a roughly hewn altar of Beogh.
 28341 | Bailey   | Learned a level 5 spell: Fireball
 28475 | D:11     | Got a heavily runed leather armour
 29556 | D:12     | Reached skill level 10 in Short Blades
 29556 | D:12     | Reached skill level 10 in Long Blades
 29556 | D:12     | Reached skill level 10 in Axes
 29556 | D:12     | Reached skill level 10 in Maces & Flails
 29556 | D:12     | Reached skill level 10 in Polearms
 29556 | D:12     | Reached skill level 10 in Staves
 29556 | D:12     | Reached skill level 10 in Slings
 29556 | D:12     | Reached skill level 10 in Bows
 29556 | D:12     | Reached skill level 10 in Crossbows
 29556 | D:12     | Reached skill level 10 in Armour
 29556 | D:12     | Reached skill level 10 in Dodging
 29556 | D:12     | Reached skill level 10 in Shields
 29556 | D:12     | Reached skill level 10 in Spellcasting
 30214 | D:13     | Found a frozen archway.
 30251 | IceCv    | Entered an ice cave
 30967 | IceCv    | Noticed a frost giant
 30977 | IceCv    | Killed a frost giant
 31314 | D:13     | Identified the +1 leather armour "Tiryavila" {Harm rF+++
                  | Dex+5} (You found it on level 11 of the Dungeon)
 32046 | D:13     | Noticed an orc warlord
 32055 | D:13     | Killed an orc warlord
 32397 | D:13     | Found a roughly hewn altar of Beogh.
 33402 | D:13     | Reached XP level 16. HP: 104/125 MP: 11/30
 33620 | D:13     | Found a gate to the Vaults.
 33871 | D:14     | Found a portal to a secret trove of treasure.
 34091 | D:14     | You fall into a shaft and drop 1 floor!
 34091 | D:15     | Entered Level 15 of the Dungeon
 35276 | D:15     | Found a staircase to the Depths.
 35488 | D:15     | Acquired the Handbook of Bewitchment
 35496 | D:15     | Learned a level 5 spell: Summon Mana Viper
 35901 | D:14     | Noticed Nessos
 35906 | D:14     | Killed Nessos
 36483 | D:14     | Reached skill level 11 in Axes
 37022 | Elf:1    | Entered Level 1 of the Elven Halls
 37588 | Elf:1    | Identified the cursed +0 ring mail of Zucey {Harm *Corrode
                  | rPois rF+ Int+6}
 37690 | Elf:1    | Reached XP level 17. HP: 101/133 MP: 5/32
 38620 | Elf:2    | Found Poacid's Antique Weapon Boutique.
 38937 | Elf:2    | Identified the +3 scimitar of True Grit {distort, Fragile
                  | Str+6 Int-5 SInv Stlth+}
 39186 | Elf:2    | Found a runed translucent gate.
 39186 | Elf:2    | Found a runed translucent gate.
 39186 | Elf:2    | Found a runed translucent gate.
 39899 | Elf:3    | Entered Level 3 of the Elven Halls
 40453 | Elf:3    | Identified the ring of Ihyo {rF+ rC+}
 40462 | Elf:3    | Reached skill level 10 in Conjurations
 40462 | Elf:3    | Reached skill level 10 in Hexes
 40462 | Elf:3    | Reached skill level 10 in Summonings
 40462 | Elf:3    | Reached skill level 10 in Necromancy
 40462 | Elf:3    | Reached skill level 10 in Translocations
 40462 | Elf:3    | Reached skill level 10 in Transmutations
 40462 | Elf:3    | Reached skill level 10 in Fire Magic
 40462 | Elf:3    | Reached skill level 10 in Ice Magic
 40462 | Elf:3    | Reached skill level 10 in Air Magic
 40462 | Elf:3    | Reached skill level 10 in Earth Magic
 40958 | Elf:3    | Cast into level 3 of the Abyss (a deep elf sorcerer)
 41075 | Abyss:3  | Identified the +3 robe of Unixi {-Cast rN+ rCorr Stlth+}
                  | (You found it on level 3 of the Abyss)
 41136 | Elf:3    | Escaped the Abyss
 41136 | Elf:3    | Identified the +6 great mace of the Median {flame, rC+
                  | Dex+3}
 41647 | Elf:3    | Reached XP level 18. HP: 142/142 MP: 31/33
 41655 | Elf:3    | Learned a level 6 spell: Freezing Cloud
 41707 | Elf:3    | Identified the cursed +0 spear "Qineffan" {flame, *Noise
                  | Will+++ Dex+6}
 42432 | Elf:3    | Noticed a deep elf master archer
 42463 | Elf:3    | Reached skill level 12 in Axes
 42600 | Elf:3    | Killed a deep elf master archer
 42622 | Elf:3    | Identified the +5 scale mail of Brilliance {*Corrode Regen+
                  | Dex-4 SInv}
 42622 | Elf:3    | Noticed a deep elf blademaster
 42642 | Elf:3    | Killed a deep elf blademaster
 42832 | Elf:3    | Got a pair of bloodstained boots
 42843 | Elf:3    | Identified the +2 pair of boots "Moriwarch" {Str+2 Int+2
                  | SInv} (You found it on level 3 of the Elven Halls)
 43054 | Elf:3    | Noticed a deep elf master archer
 43066 | Elf:3    | Killed a deep elf master archer
 43163 | Elf:3    | Identified the amulet of Zaponum {RegenMP Str-3 Int+3
                  | Slay+2}
 43723 | D:6      | Bought a bronze plate armour for 756 gold pieces
 43723 | D:6      | Identified the +4 plate armour of the Lute {*Slow rF+++
                  | Int+10 Dex-3} (You bought it in a shop on level 6 of the
                  | Dungeon)
 44253 | Spider:1 | Entered Level 1 of the Spider Nest
 45119 | Spider:1 | Noticed Azrael
 45126 | Spider:1 | Killed Azrael
 46655 | Spider:3 | Noticed Arachne
 46664 | Spider:3 | Killed Arachne
 46975 | Spider:3 | Noticed Honosyedgha's ghost (adept GrBe)
 46980 | Spider:3 | Found a runed translucent gate.
 46980 | Spider:3 | Found a runed translucent gate.
 46980 | Spider:3 | Found a runed translucent gate.
 47069 | Spider:3 | Reached XP level 19. HP: 149/149 MP: 35/35
 47737 | Spider:4 | Entered Level 4 of the Spider Nest
 48532 | Spider:4 | Noticed Aizul
 48546 | Spider:4 | Killed Aizul
 49637 | Spider:4 | Got a gossamer rune of Zot
 49836 | Shoals:1 | Learned a level 1 spell: Apportation
 49885 | Shoals:1 | Found a large runed translucent door.
 49886 | Shoals:1 | Found a large runed translucent door.
 49887 | Shoals:1 | Noticed Tang's ghost (adept TeAE)
 49970 | Shoals:1 | Killed Tang's ghost
 49977 | Shoals:1 | Identified the +1 long sword of Annihilation {drain, +Blink
                  | rF+ rC- Int+5} (You found it on level 1 of the Shoals)
 50083 | Shoals:1 | Learned a level 6 spell: Iron Shot
 51290 | Shoals:2 | Reached skill level 13 in Axes
 52602 | Shoals:3 | Reached XP level 20. HP: 158/158 MP: 31/37
 53194 | Shoals:4 | Entered Level 4 of the Shoals
 53194 | Shoals:4 | Found Caekuer's Antique Armour Emporium.
 54157 | Shoals:4 | Got a barnacled rune of Zot
 54743 | Shoals:4 | Bought gold dragon scales for 2080 gold pieces
 55044 | D:14     | You paid a toll of +2 gold dragon scales to enter a
                  | treasure trove
 55045 | Trove    | Entered a treasure trove
 55083 | Trove    | Identified the cursed +0 chain mail of Gaysy {rF- Str+9
                  | Int+5 Stlth-} (You found it in a treasure trove)
 55161 | Trove    | Got an ichor-stained helmet
 55171 | Trove    | Identified the +2 helmet "Tuoza" {Harm} (You found it in a
                  | treasure trove)
 55183 | Trove    | Got a pair of polished boots
 55194 | Trove    | Identified the +4 pair of boots of Knowledge {Harm rPois
                  | Str+5 Int-2} (You found it in a treasure trove)
 55410 | Vaults:1 | Entered Level 1 of the Vaults
 56174 | Vaults:1 | Learned a level 2 spell: Sublimation of Blood
 57417 | Vaults:1 | Reached XP level 21. HP: 166/166 MP: 27/38
 58814 | Vaults:2 | Reached skill level 15 in Invocations
 59037 | Vaults:2 | Found a transporter.
 59079 | Vaults:2 | Found a transporter.
 59434 | Vaults:2 | Reached skill level 14 in Axes
 59785 | Vaults:2 | You fall into a shaft and drop 2 floors!
 59826 | Vaults:4 | Identified the ring of Tauk {rC+ rN+ AC+4 Str+2} (You found
                  | it on level 4 of the Vaults)
 60761 | Vaults:4 | Identified the +10 arbalest "Asmuanos" {penet, SInv}
 60817 | Vaults:4 | Identified the cursed +0 arbalest "Killer Klown's Death"
                  | {vorpal, Int+6 Dex+3} (You found it on level 4 of the
                  | Vaults)
 61225 | Vaults:4 | Reached XP level 22. HP: 174/174 MP: 40/40
 61821 | Vaults:3 | Noticed Asterion
 61830 | Vaults:3 | Killed Asterion
 62258 | Vaults:3 | Reached skill level 15 in Fighting
 62258 | Vaults:3 | Reached skill level 15 in Unarmed Combat
 62952 | Vaults:3 | Found Obbabbyo's Gadget Boutique.
 63350 | Vaults:3 | Found a staircase to the Crypt.
 63350 | Vaults:3 | Found a basalt altar of Yredelemnul.
 63351 | Vaults:3 | Found an ancient bone altar of Kikubaaqudgha.
 63936 | Vaults:3 | Learned a level 6 spell: Ozocubu's Refrigeration
 64124 | Vaults:5 | Entered Level 5 of the Vaults
 64270 | Vaults:5 | Noticed a golden dragon
 64349 | Vaults:4 | Killed a golden dragon
 64461 | Vaults:5 | Noticed a golden dragon
 64465 | Vaults:5 | Killed a golden dragon
 64473 | Vaults:5 | Reached skill level 15 in Throwing
 64473 | Vaults:5 | Reached skill level 15 in Evocations
 64485 | Vaults:5 | Reached skill level 15 in Stealth
 64891 | Vaults:5 | Reached XP level 23. HP: 172/182 MP: 30/41
 65083 | Vaults:5 | Got a silver rune of Zot
 65405 | Vaults:5 | Reached skill level 15 in Short Blades
 65405 | Vaults:5 | Reached skill level 15 in Long Blades
 65405 | Vaults:5 | Reached skill level 15 in Axes
 65405 | Vaults:5 | Reached skill level 15 in Maces & Flails
 65405 | Vaults:5 | Reached skill level 15 in Polearms
 65405 | Vaults:5 | Reached skill level 15 in Staves
 65405 | Vaults:5 | Reached skill level 15 in Slings
 65405 | Vaults:5 | Reached skill level 15 in Bows
 65405 | Vaults:5 | Reached skill level 15 in Crossbows
 65405 | Vaults:5 | Reached skill level 15 in Armour
 65405 | Vaults:5 | Reached skill level 15 in Dodging
 65405 | Vaults:5 | Reached skill level 15 in Shields
 65405 | Vaults:5 | Reached skill level 15 in Spellcasting
 65489 | Vaults:5 | Identified the cursed +1 long sword of the Coin {vorpal,
                  | Dex+4}
 65831 | Vaults:5 | Noticed a golden dragon
 65831 | Vaults:5 | a shadow dragon changed into a golden dragon
 65832 | Vaults:5 | a golden dragon changed into a shadow dragon
 67049 | Vaults:5 | Identified the +8 battleaxe "Gago" {spect, rF++ Int-4}
 67050 | Vaults:5 | Identified the +8 battleaxe "Gago" {spect, rF++ Int-4}
 67253 | Vaults:5 | Identified the +0 plate armour "Dozusuz" {*Corrode Regen+
                  | Int+4} (You found it on level 5 of the Vaults)
 67255 | Vaults:5 | Identified the ring of Puoci {rPois rC++ Int+6} (You found
                  | it on level 5 of the Vaults)
 67258 | Vaults:5 | Identified the cursed +1 morningstar of Integrity {protect,
                  | rPois rN+} (You found it on level 5 of the Vaults)
 67382 | Vaults:5 | Got a wavering lead ring
 67383 | Vaults:5 | Identified the ring "Guluatip" {rF- rN+ Will+ Int+8 Dex-3}
                  | (You found it on level 5 of the Vaults)
 67398 | Vaults:5 | Acquired 254 gold pieces
 67399 | Vaults:5 | Acquired the ring "Ungicyng" {Wiz rN++}
 67713 | Vaults:5 | Identified the +7 dagger of the Bouncing Xenops {holy, +Fly
                  | rF+ rN+} (You found it on level 5 of the Vaults)
 68063 | Crypt:1  | Entered Level 1 of the Crypt
 69066 | Depths:1 | Entered Level 1 of the Depths
 69087 | Depths:1 | Found a magical portal.
 69122 | WizLab   | Entered The Hall of the Hellbinder
 69603 | WizLab   | Found a burning altar of Makhleb.
 69615 | WizLab   | Gained mutation: You are occasionally teleported next to
                  | monsters. [a cacodemon]
 69700 | WizLab   | Found the cursed +13 scythe of Curses {drain, *Curse}
 69715 | WizLab   | Identified the Collected Works on Illusion
 69739 | WizLab   | Identified the ring "Jabiol" {rF+ Will+ Int+6} (You found
                  | it in a wizard's laboratory)
 69741 | WizLab   | Identified the ring "Nesaco" {*Tele rF+ rC+ Str+6 Int-3}
                  | (You found it in a wizard's laboratory)
 70141 | D:4      | Bought the +10 morningstar "Eos" {elec, Halo rElec} for 962
                  | gold pieces
 70141 | D:4      | Found the +10 morningstar "Eos" {elec, Halo rElec}
 70179 | D:4      | Lost mutation: You are occasionally teleported next to
                  | monsters. [potion of mutation]
 70179 | D:4      | Gained mutation: You are somewhat resistant to further
                  | mutation. [potion of mutation]
 70641 | Depths:1 | Found a gateway to Hell.
 70856 | Depths:1 | Reached XP level 24. HP: 169/191 MP: 14/42
 71497 | Depths:1 | Found Umpips's Jewellery Shop.
 71497 | Depths:1 | Found Wikoned's Gadget Emporium.
 71498 | Depths:1 | Found Xutall's Jewellery Shop.
 71949 | D:7      | Learned a level 7 spell: Spellforged Servitor
 72157 | Elf:3    | Learned a level 8 spell: Lehudib's Crystal Spear
 74511 | Depths:3 | Acquired 961 gold pieces
 74666 | Depths:3 | Noticed a caustic shrike
 74669 | Depths:3 | Killed a caustic shrike
 74687 | Depths:3 | Noticed a juggernaut
 74690 | Depths:3 | Killed a juggernaut
 74808 | Depths:3 | Identified the +6 morningstar of Temperance {vorpal, rC+}
                  | (You found it on level 3 of the Depths)
 74821 | Depths:3 | Acquired 692 gold pieces
 74854 | Depths:3 | Reached skill level 16 in Axes
 74881 | Depths:3 | Learned a level 3 spell: Vampiric Draining
 74984 | Depths:3 | Identified the +1 robe "Ijyriki" {Dex+2}
 75146 | Depths:3 | Identified the ring "Rucw" {Fire +Inv Dex+3}
 75287 | Depths:3 | Identified the cursed +2 battleaxe of the Endless March
                  | {pain, rElec rF+}
 75405 | Depths:3 | Reached XP level 25. HP: 199/199 MP: 26/43
 75507 | Depths:3 | Acquired 834 gold pieces
 75927 | Depths:3 | Found a one-way gate leading to the halls of Pandemonium.
 76581 | Depths:4 | Acquired the +9 staff of Wucad Mu {*channel}
 76582 | Depths:4 | Found the +9 staff of Wucad Mu {*channel}
 76948 | Depths:4 | Found a one-way gate to the infinite horrors of the Abyss.
 77002 | Depths:4 | Reached skill level 15 in Transmutations
 77027 | Depths:4 | Paralysed by a floating eye for 4 turns
 77919 | Depths:5 | Entered Level 5 of the Depths
 77995 | Depths:5 | Reached skill level 15 in Poison Magic
 78195 | Depths:5 | Found Mithohut's General Store.
 78671 | Depths:5 | Found a gateway to a ziggurat.
 79130 | Depths:5 | Learned a level 4 spell: Leda's Liquefaction
 79253 | Depths:5 | Reached XP level 26. HP: 205/208 MP: 25/43
 79313 | Depths:5 | Found a gate to the Realm of Zot.
 80508 | Lair:6   | Killed Renzlar's ghost
 80592 | Lair:5   | Found a staircase to the Slime Pits.
 80691 | Slime:1  | Entered Level 1 of the Pits of Slime
 81695 | Slime:5  | Entered Level 5 of the Pits of Slime
 82127 | Slime:4  | Reached skill level 17 in Axes
 82520 | Slime:5  | Noticed the Royal Jelly
 82530 | Slime:5  | Killed the Royal Jelly
 83148 | Slime:5  | Got a slimy rune of Zot
 83151 | Slime:5  | Identified Ret Gyaw's Incunabulum of Enthralling
                  | Orientation
 83217 | Slime:5  | Identified the Collected Works on Arcane Weapons and
                  | Feathers
 83234 | Slime:5  | Identified the +4 long sword "Utubluro" {vorpal, +Fly Str-3
                  | Dex+2} (You found it on level 5 of the Pits of Slime)
 83235 | Slime:5  | Identified the ring "Kamnif" {*Corrode +Fly rF+ rN+ SInv}
                  | (You found it on level 5 of the Pits of Slime)
 84350 | Depths:4 | Voluntarily entered the Abyss.
 84739 | Abyss:3  | Found a corrupted altar of Lugonu.
 84832 | Abyss:3  | Got an abyssal rune of Zot
 84845 | Depths:4 | Escaped the Abyss
 85021 | Hell     | Entered the Vestibule of Hell
 85021 | Hell     | Noticed Geryon
 85030 | Hell     | Killed Geryon
 85043 | Hell     | Reached XP level 27. HP: 152/216 MP: 9/44
 86797 | Depths:4 | Learned a level 8 spell: Ignition
 87172 | Hell     | Reached skill level 18 in Axes
 87256 | Hell     | Reached skill level 15 in Conjurations
 87256 | Hell     | Reached skill level 15 in Hexes
 87256 | Hell     | Reached skill level 15 in Summonings
 87256 | Hell     | Reached skill level 15 in Necromancy
 87256 | Hell     | Reached skill level 15 in Translocations
 87256 | Hell     | Reached skill level 15 in Fire Magic
 87256 | Hell     | Reached skill level 15 in Ice Magic
 87256 | Hell     | Reached skill level 15 in Air Magic
 87256 | Hell     | Reached skill level 15 in Earth Magic
 87257 | Hell     | Found a gateway to the decaying netherworld of Tartarus.
 87324 | Hell     | Found a gateway to the freezing wastes of Cocytus.
 87795 | Hell     | Found a gateway to the Iron City of Dis.
 87825 | Hell     | Found a gateway to the ashen valley of Gehenna.
 87834 | Geh:1    | Entered Level 1 of Gehenna
 88282 | Geh:4    | Learned a level 9 spell: Absolute Zero
 88639 | Geh:7    | Entered Level 7 of Gehenna
 89149 | Geh:7    | Reached skill level 19 in Axes
 90042 | Geh:7    | Found the +7 sceptre of Asmodeus
 90042 | Geh:7    | Noticed Asmodeus
 90043 | Geh:7    | Killed Asmodeus
 90047 | Geh:7    | Got an obsidian rune of Zot
 90264 | Dis:1    | Entered Level 1 of the Iron City of Dis
 92031 | Dis:5    | Reached skill level 20 in Axes
 92684 | Dis:7    | Entered Level 7 of the Iron City of Dis
 93278 | Dis:7    | Noticed the Serpent of Hell
 93280 | Dis:7    | Killed the Serpent of Hell
 94195 | Dis:7    | Reached skill level 21 in Axes
 94873 | Dis:7    | Found the +4 staff of Dispater
 94873 | Dis:7    | Noticed Dispater
 95030 | Dis:7    | Killed Dispater
 95037 | Dis:7    | Got an iron rune of Zot
 95244 | Tar:1    | Entered Level 1 of Tartarus
 97545 | Tar:7    | Entered Level 7 of Tartarus
 97551 | Tar:7    | Reached skill level 22 in Axes
 97822 | Tar:7    | Identified the amulet "Gafuap" {Acrobat Fragile rC++ SInv
                  | Stlth+} (You found it on level 7 of Tartarus)
 97932 | Tar:7    | Identified the ring "Cauntusk" {rF+ rC+++ Str-5 Dex-2
                  | Stlth+} (You found it on level 7 of Tartarus)
 98282 | Tar:7    | Identified the Papyrus of Conjuration and Transformation
100344 | Tar:7    | Reached skill level 23 in Axes
100424 | Tar:7    | Noticed Ereshkigal
101388 | Tar:7    | Killed Ereshkigal
101438 | Tar:7    | Got a bone rune of Zot
101521 | Hell     | Learned a level 9 spell: Fire Storm
101558 | Coc:1    | Entered Level 1 of Cocytus
102604 | Coc:7    | Entered Level 7 of Cocytus
102871 | Coc:7    | Reached skill level 24 in Axes
102871 | Coc:7    | Noticed Antaeus
102876 | Coc:7    | Killed Antaeus
103138 | Coc:7    | Identified the +5 hand axe of the Sage {freeze, Int+2}
103553 | Coc:7    | Identified the +6 hunting sling of Ymadwaa {speed, rC+ rN+
                  | Int+4} (You found it on level 7 of Cocytus)
103554 | Coc:7    | Identified the amulet "Saricuc" {Reflect SH+5 SInv} (You
                  | found it on level 7 of Cocytus)
103636 | Coc:7    | Got an icy rune of Zot
104115 | Pan      | Entered Pandemonium
104196 | Pan      | Noticed Isorghal the pandemonium lord
104199 | Pan      | Killed Isorghal the pandemonium lord
104352 | Pan      | Noticed Mollyxaom the pandemonium lord
104371 | Pan      | Killed Mollyxaom the pandemonium lord
104868 | Pan      | Entered the realm of Cerebov.
105095 | Pan      | Found an exit through the horrors of the Abyss.
105588 | Pan      | Identified the +1 plate armour of a volcano {rC++ Str+7}
                  | (You found it in Pandemonium)
105637 | Pan      | Identified the Volume of Poisoning and Fire
105643 | Pan      | Identified the +10 crystal plate armour of Xadduh {Will+}
                  | (You found it in Pandemonium)
105743 | Pan      | Found the +6 sword of Cerebov {flame}
105743 | Pan      | Noticed Cerebov
105745 | Pan      | Killed Cerebov
105851 | Pan      | Got a fiery rune of Zot
106025 | Pan      | Reached skill level 25 in Axes
106201 | Pan      | Entered the realm of Gloorx Vloq.
107078 | Pan      | Got a dark rune of Zot
107080 | Pan      | Noticed Gloorx Vloq
107083 | Pan      | Killed Gloorx Vloq
107716 | Pan      | Noticed Reijeheh the pandemonium lord
107889 | Pan      | Noticed Cicvael the pandemonium lord
107894 | Pan      | Killed Cicvael the pandemonium lord
108106 | Pan      | Entered the realm of Mnoleg.
108536 | Pan      | Gained mutation: You expend magic power (3 MP) to
                  | strengthen your wands. [a neqoxec]
108919 | Pan      | Gained mutation: You are somewhat resistant to both further
                  | mutation and mutation removal. [a neqoxec]
108925 | Pan      | Gained mutation: Armour fits poorly on your strangely
                  | shaped body. [a cacodemon]
109227 | Pan      | Noticed Mnoleg
109420 | Pan      | Killed Mnoleg
109435 | Pan      | Got a glowing rune of Zot
109508 | Pan      | Entered the realm of Lom Lobon.
109527 | Pan      | Acquired the +2 helmet "Madairch Gyud" {rF- Will+++ rCorr
                  | SInv}
110223 | Pan      | Noticed Lom Lobon
110275 | Pan      | Killed Lom Lobon
110276 | Pan      | Reached skill level 26 in Axes
110324 | Pan      | Got a magical rune of Zot
110543 | Pan      | Noticed Gohunkiq the pandemonium lord
110546 | Pan      | Killed Gohunkiq the pandemonium lord
110786 | Pan      | Found a runed translucent door.
110787 | Pan      | Found a runed translucent door.
110806 | Pan      | Found a runed translucent door.
110808 | Pan      | Noticed Tolu the pandemonium lord
110813 | Pan      | Killed Tolu the pandemonium lord
110882 | Pan      | Found a runed translucent door.
111098 | Pan      | Noticed Cinnyriax the pandemonium lord
111101 | Pan      | Killed Cinnyriax the pandemonium lord
111717 | Pan      | Found a runed translucent door.
111730 | Pan      | Got a demonic rune of Zot
111976 | Pan      | Found an exit through the horrors of the Abyss.
112106 | Pan      | Took an exit into the Abyss.
112106 | Abyss:1  | Escaped into the Abyss
112109 | Abyss:1  | Found a corrupted altar of Lugonu.
112202 | Abyss:1  | Lost mutation: Armour fits poorly on your strangely shaped
                  | body. [potion of mutation]
112202 | Abyss:1  | Lost mutation: You are somewhat resistant to both further
                  | mutation and mutation removal. [potion of mutation]
112202 | Abyss:1  | Gained mutation: You are covered in fur. (AC +1) [potion of
                  | mutation]
112212 | Depths:4 | Escaped the Abyss
112878 | Orc:1    | Bought a potion of heal wounds for 140 gold pieces
112878 | Orc:1    | Bought 3 scrolls of acquirement for 4368 gold pieces
112878 | Orc:1    | Bought a scroll of teleportation for 84 gold pieces
112878 | Orc:1    | Acquired 766 gold pieces
112879 | Orc:1    | Acquired 822 gold pieces
112880 | Orc:1    | Acquired the Guide on Conjuration and the Blaze
112956 | Orc:2    | Bought a wand of digging (4) for 224 gold pieces
112973 | Orc:2    | Bought a potion of mutation for 88 gold pieces
112973 | Orc:2    | Bought a potion of magic for 88 gold pieces
112973 | Orc:2    | Bought a potion of curing for 33 gold pieces
112973 | Orc:2    | Bought a potion of flight for 33 gold pieces
112973 | Orc:2    | Bought a potion of heal wounds for 55 gold pieces
113580 | Crypt:1  | Noticed Margery
113584 | Crypt:1  | Killed Margery
114280 | Crypt:3  | Entered Level 3 of the Crypt
114509 | Crypt:3  | Found a staircase to the Tomb.
115444 | Crypt:3  | Found a basalt altar of Yredelemnul.
115447 | Crypt:3  | Found an ancient bone altar of Kikubaaqudgha.
115464 | Crypt:3  | Identified the +4 morningstar "Woojoaji" {holy, Dex+7} (You
                  | found it on level 3 of the Crypt)
115634 | Tomb:1   | Entered Level 1 of the Tomb of the Ancients
117047 | Tomb:2   | Noticed a royal mummy
117051 | Tomb:2   | Noticed a royal mummy
117051 | Tomb:2   | Noticed a royal mummy
117053 | Tomb:2   | Noticed a royal mummy
117174 | Tomb:2   | Killed a royal mummy
117183 | Tomb:2   | Killed a royal mummy
117184 | Tomb:2   | Reached skill level 27 in Axes
117383 | Tomb:2   | Noticed a royal mummy
117386 | Tomb:2   | Killed a royal mummy
117682 | Tomb:2   | Killed a royal mummy
117686 | Tomb:2   | Killed a royal mummy
117997 | Tomb:1   | Noticed a royal mummy
118000 | Tomb:1   | Killed a royal mummy
118164 | Tomb:1   | Noticed a royal mummy
118165 | Tomb:1   | Killed a royal mummy
118207 | Tomb:1   | Noticed a royal mummy
118219 | Tomb:1   | Killed a royal mummy
118226 | Tomb:1   | Noticed a royal mummy
118229 | Tomb:1   | Killed a royal mummy
118230 | Tomb:1   | Noticed a royal mummy
118233 | Tomb:1   | Killed a royal mummy
118627 | Tomb:1   | Noticed a royal mummy
118628 | Tomb:1   | Killed a royal mummy
118663 | Tomb:1   | Noticed a royal mummy
118664 | Tomb:1   | Killed a royal mummy
118687 | Tomb:1   | Noticed a royal mummy
118691 | Tomb:1   | Killed a royal mummy
118847 | Tomb:1   | Noticed a royal mummy
118849 | Tomb:1   | Killed a royal mummy
118913 | Tomb:1   | Identified the +2 pair of boots of Pek Epa {MP+9 Str+3}
                  | (You found it on level 1 of the Tomb of the Ancients)
118927 | Tomb:1   | Noticed a royal mummy
118928 | Tomb:1   | Killed a royal mummy
118953 | Tomb:1   | Noticed a royal mummy
118954 | Tomb:1   | Killed a royal mummy
118967 | Tomb:1   | Noticed a royal mummy
118968 | Tomb:1   | Killed a royal mummy
119070 | Tomb:1   | Noticed a royal mummy
119071 | Tomb:1   | Killed a royal mummy
119749 | Tomb:2   | Learned a level 6 spell: Statue Form
119821 | Tomb:3   | Entered Level 3 of the Tomb of the Ancients
119838 | Tomb:3   | Noticed a royal mummy
119840 | Tomb:3   | Noticed a royal mummy
119840 | Tomb:3   | Killed a royal mummy
119843 | Tomb:3   | Killed a royal mummy
119844 | Tomb:3   | Gained mutation: You tend to lose your temper in combat.
                  | [mutagenic glow]
119845 | Tomb:3   | Noticed a royal mummy
119846 | Tomb:3   | Killed a royal mummy
119847 | Tomb:3   | Killed a royal mummy
119852 | Tomb:3   | Noticed a royal mummy
119853 | Tomb:3   | Killed a royal mummy
119855 | Tomb:3   | Noticed an ancient lich
119855 | Tomb:3   | Killed an ancient lich
119857 | Tomb:3   | Noticed a royal mummy
119857 | Tomb:3   | Noticed a royal mummy
119857 | Tomb:3   | Noticed a royal mummy
119890 | Tomb:2   | Lost mutation: You expend magic power (3 MP) to strengthen
                  | your wands. [potion of mutation]
119890 | Tomb:2   | Lost mutation: You are covered in fur. (AC +1) [potion of
                  | mutation]
119890 | Tomb:2   | Lost mutation: You tend to lose your temper in combat.
                  | [potion of mutation]
119890 | Tomb:2   | Lost mutation: You are somewhat resistant to further
                  | mutation. [potion of mutation]
119890 | Tomb:2   | Gained mutation: You are frail. (-10% HP) [potion of
                  | mutation]
119890 | Tomb:2   | Gained mutation: Your magical capacity is low. (-10% MP)
                  | [potion of mutation]
119890 | Tomb:2   | Gained mutation: You can translocate small distances at
                  | will. [potion of mutation]
119891 | Tomb:2   | Lost mutation: Your magical capacity is low. (-10% MP)
                  | [potion of mutation]
119891 | Tomb:2   | Lost mutation: You are frail. (-10% HP) [potion of
                  | mutation]
119891 | Tomb:2   | Lost mutation: You can translocate small distances at will.
                  | [potion of mutation]
119891 | Tomb:2   | Gained mutation: You are dopey. (Int -2) [potion of
                  | mutation]
119891 | Tomb:2   | Gained mutation: You are very dopey. (Int -4) [potion of
                  | mutation]
119891 | Tomb:2   | Gained mutation: You have a pair of small horns on your
                  | head. [potion of mutation]
119891 | Tomb:2   | Gained mutation: You are strong-willed. (Will+) [potion of
                  | mutation]
119892 | Tomb:2   | Lost mutation: You are very dopey. (Int -4) [potion of
                  | mutation]
119892 | Tomb:2   | Lost mutation: You are dopey. (Int -2) [potion of mutation]
119892 | Tomb:2   | Lost mutation: You have a pair of small horns on your head.
                  | [potion of mutation]
119892 | Tomb:2   | Gained mutation: You have a pair of small horns on your
                  | head. [potion of mutation]
119892 | Tomb:2   | Gained mutation: Your magical capacity is low. (-10% MP)
                  | [potion of mutation]
119892 | Tomb:2   | Gained mutation: Your skin changes colour to match your
                  | surroundings (Stealth+). [potion of mutation]
119892 | Tomb:2   | Gained mutation: You are partially covered in thin metallic
                  | scales. (AC +2) [potion of mutation]
119893 | Tomb:2   | Lost mutation: Your magical capacity is low. (-10% MP)
                  | [potion of mutation]
119893 | Tomb:2   | Lost mutation: You have a pair of small horns on your head.
                  | [potion of mutation]
119893 | Tomb:2   | Lost mutation: You are strong-willed. (Will+) [potion of
                  | mutation]
119893 | Tomb:2   | Gained mutation: You are weak. (Str -2) [potion of
                  | mutation]
119893 | Tomb:2   | Lost mutation: Your skin changes colour to match your
                  | surroundings (Stealth+). [potion of mutation]
119893 | Tomb:2   | Gained mutation: Your body sometimes deteriorates upon
                  | taking damage. [potion of mutation]
119893 | Tomb:2   | Gained mutation: You expend magic power (3 MP) to
                  | strengthen your wands. [potion of mutation]
120184 | Tomb:3   | Killed a royal mummy
120186 | Tomb:3   | Killed a royal mummy
120188 | Tomb:3   | Killed a royal mummy
120354 | Tomb:3   | Got a golden rune of Zot
120392 | Tomb:3   | Identified the ring of Wishful Thinking {rC+ rN+ Will+}
                  | (You found it on level 3 of the Tomb of the Ancients)
120399 | Tomb:3   | Identified the ring of Ziank {rElec rF+ Will- Dex+5 SInv}
                  | (You found it on level 3 of the Tomb of the Ancients)
120401 | Tomb:3   | Identified the +3 flail of the Many Bones {elec, Dex+3}
                  | (You found it on level 3 of the Tomb of the Ancients)
120490 | Tomb:1   | Identified the +1 plate armour of Hangman {Dex+4}
121090 | Zot:1    | Entered Level 1 of the Realm of Zot
121649 | Zot:3    | Found a runed translucent gate.
121650 | Zot:3    | Found a runed translucent gate.
121651 | Zot:3    | Found a runed translucent gate.
121652 | Zot:3    | Noticed Qiose's ghost (legendary GnFi)
121748 | Zot:5    | Entered Level 5 of the Realm of Zot
121748 | Zot:5    | Found the +2 Maxwell's thermic engine {flame, freeze}
122252 | Zot:5    | Noticed an orb of fire
122253 | Zot:5    | Killed an orb of fire
122258 | Zot:5    | Noticed an orb of fire
122260 | Zot:5    | Noticed an orb of fire
122261 | Zot:5    | Noticed an orb of fire
122263 | Zot:5    | Killed an orb of fire
122265 | Zot:5    | Killed an orb of fire
122268 | Zot:5    | Killed an orb of fire
122280 | Zot:5    | Noticed an ancient lich
122282 | Zot:5    | Killed an ancient lich
122398 | Zot:5    | Noticed an orb of fire
122398 | Zot:5    | Noticed an ancient lich
122399 | Zot:5    | Killed an ancient lich
122403 | Zot:5    | Killed an orb of fire
122449 | Zot:5    | Noticed an ancient lich
122451 | Zot:5    | Killed an ancient lich
122699 | Zot:5    | Got the Orb of Zot
122701 | Zot:5    | Gained mutation: You are very weak. (Str -4) [mutagenic
                  | glow]
122709 | Zot:5    | Gained mutation: Scrolls take you a little longer to read.
                  | [mutagenic glow]
122722 | Zot:5    | Gained mutation: Armour fits poorly on your strangely
                  | shaped body. [mutagenic glow]
122732 | Zot:5    | Gained mutation: Your magical capacity is low. (-10% MP)
                  | [mutagenic glow]
122742 | Zot:5    | Lost mutation: You expend magic power (3 MP) to strengthen
                  | your wands. [potion of mutation]
122742 | Zot:5    | Lost mutation: Scrolls take you a little longer to read.
                  | [potion of mutation]
122742 | Zot:5    | Lost mutation: Your body sometimes deteriorates upon taking
                  | damage. [potion of mutation]
122742 | Zot:5    | Gained mutation: You are clumsy. (Dex -2) [potion of
                  | mutation]
122742 | Zot:5    | Gained mutation: You have a pair of small horns on your
                  | head. [potion of mutation]
122743 | Zot:5    | Lost mutation: You are very weak. (Str -4) [potion of
                  | mutation]
122743 | Zot:5    | Lost mutation: You are weak. (Str -2) [potion of mutation]
122743 | Zot:5    | Gained mutation: Potions are less effective at restoring
                  | your health. [potion of mutation]
122743 | Zot:5    | Lost mutation: You are clumsy. (Dex -2) [potion of
                  | mutation]
122743 | Zot:5    | Gained mutation: Scrolls take you a little longer to read.
                  | [potion of mutation]
122743 | Zot:5    | Gained mutation: Your spells are a little harder to cast,
                  | but a little more powerful. [potion of mutation]
122744 | Zot:5    | Noticed an orb of fire
122746 | Zot:5    | Killed an orb of fire
123035 | D:15     | Noticed Fogick the pandemonium lord
123322 | D:$      | Escaped with the Orb!

Illustrated notes

Levels and vault maps discovered:
D:1:      tarquinn_simple_flora_water_a, layout_basic, minivault_23
D:2:      kennysheep_the_goblin_king, layout_basic, nemelex_dance_club_becter,
          uniq_crazy_yiuf_cottage
D:3:      layout_basic, nicolae_qazlal_style_of_elements,
          grunt_temple_overflow_cloverleaf, uniq_grinder
D:4:      layout_loops_corners, serial_shops, shop, nicolae_ashenzari_panopticon
D:5:      layout_cave_pods, nicolae_gozag_seed_capital, uniq_duvessa
D:6:      layout_loops_corners, minmay_temple_entry_trees, basic_altar,
          portal_sewer_entry_f, serial_shops, nicolae_shop_behind_doors,
          shop_statue, shop, shop, sigmund_army
D:7:      layout_cave_pools, minmay_curled_crystal, uniq_prince_ribbit1
D:8:      layout_cave_pools
D:9:      hangedman_cross_cluster, layout_irregular_city, nicolae_water_bricks,
          cheibriados_altar_1
D:10:     layout_roguey, lair_entry_dummy, corexii_hall_statues_i, uniq_joseph
D:11:     layout_grid_maze, enter_bailey_3, uniq_grum
D:12:     layout_loops_corners
D:13:     orc_temple, layout_basic, david_vaults_4,
          portal_ice_cave_entry_pillars_2, minmay_microvault
D:14:     layout_basic, infiniplex_staircase_pillars_2, enter_trove_0,
          uniq_nessos
D:15:     gammafunk_depths_entry_grave, layout_irregular_city,
          chequers_serial_rivers_room_a
Temple:   eino_temple_rhombus
Lair:1:   dpeg_oklob_gauntlet, layout_loops_ring, beast_lair_carwin_10
Lair:2:   layout_regular_city, minmay_shoals_entry_beasts,
          nicolae_spider_entry_tight_spaces, minivault_26, lemuel_fruit_tree
Lair:3:   layout_hall_layers, serial_bayou_shore_b, grunt_megastairs_5,
          serial_bayou_shore_a
Lair:4:   nzn_winding_woodlands_stair_trap
          [nzn_winding_woodlands_5x15_longhouse, nzn_winding_woodlands_5x15_eye,
          nzn_winding_woodlands_5x15_jagged,
          nzn_winding_woodlands_15x15_five_gardens,
          nzn_winding_woodlands_5x15_concentric,
          nzn_winding_woodlands_5x15_sidewinder,
          nzn_winding_woodlands_5x15_pockets], layout_long_grid
Lair:5:   layout_big_grid, minmay_slime_entry_oklob_open, grunt_megastairs_2
Lair:6:   evilmike_catoblepas_cave, layout_cave_shapes,
          gammafunk_ghost_wrathful_warriors
Shoals:1: cheibrodos_shoals_gigantism, layout_shoals,
          ebering_ghost_disaster_area, nicolae_shoals_wave_tunnel
Shoals:2: layout_shoals
Shoals:3: layout_shoals
Shoals:4: shoals_end_grunt_ice, layout_shoals, serial_shops,
          nicolae_shop_competitors_out_of_business
Spider:1: mumra_spider_spiderweb, uniq_azrael
Spider:2: layout_spider_delve
Spider:3: layout_spider_delve, gammafunk_ghost_split,
          einodemon_crawler_minivault, uniq_arachne
Spider:4: grunt_spider_rune_island, uniq_aizul
Slime:1:  layout_caves, amcnicky_altar_lugonu_corruption
Slime:2:  layout_caves
Slime:3:  layout_caves
Slime:4:  layout_caves, cheibrodos_slime_lost_civilization_4
Slime:5
Orc:1:    layout_caves, serial_shops, shop, uniq_urug, uniq_erolcha
Orc:2:    kennysheep_orc_mage_school, layout_diamond_mine,
          gammafunk_ghost_fury_of_okawaru
Elf:1:    minmay_elf_arrival_plus, layout_geoelf_diagonals,
          hangedman_elf_represent
Elf:2:    layout_geoelf_octagon, serial_shops, shop
Elf:3:    minmay_elf_hall_quartered_circle, layout_onion_city
Vaults:1: v_misc_1, grunt_vaults_diagonal, grunt_vaults_hallway_short,
          dpeg_vaults_monster_box, vaults_standard_mumra_enter_the_diamond,
          ontoclasm_vaults_loading_screen, vaults_room_corners, v_misc_2,
          nicolae_vaults_border_crossing, layout_vaults_chaotic_city
Vaults:2: nicolae_vaults_network_square, vaults_dpeg_diagonal, v_misc_1,
          v_misc_24, gammafunk_its_a_trap, vaults_room_ringed_pool, v_misc_17,
          vaults_room_corners, v_misc_33, v_misc_1,
          nicolae_vaults_little_squares_2, vaults_room_boxed,
          nicolae_vaults_little_squares_4, hangedman_vaults_impose,
          layout_vaults_omnibox
Vaults:3: nicolae_vaults_inception_scallops, nicolae_vaults_three_branches,
          nicolae_vaults_network_star, v_alt_pattern_5,
          minmay_crypt_entry_necro_gods, vaults_room_semicircle,
          nicolae_vaults_windows_and_doors_thing, vaults_dpeg_encased_lava,
          nicolae_vaults_mini_display_case, layout_vaults_quadrants,
          serial_shops, shop, uniq_asterion
Vaults:4: vaults_standard_mumra_x, nicolae_vaults_network_s,
          nicolae_vaults_lopsided_apartments, nicolae_vaults_yaktaur_gun_rack,
          hangedman_vaults_slither, v_misc_18, vaults_room_stairs_pillars,
          hangedman_vaults_capsules, layout_vaults_omnicross
Vaults:5
Crypt:1:  layout_misc_corridors, wad_floor_pattern_untrapped,
          nicolae_crypt_cryptocurrency, grunt_crypt_arrival_guarded_gate,
          uniq_margery
Crypt:2:  layout_catacombs, gammafunk_ghost_crypt,
          roderic_lattice_octagonal_star, uniq_jory
Crypt:3:  lightli_unholy_cathedral, layout_chaotic_city,
          tomb_entry_shell_bobbens
Tomb:1
Tomb:2
Tomb:3
Depths:1: layout_basic, lightli_enter_wizlab_magi_temple,
          hangedman_tar_grid_catacomb, special_room [special_room_mythical_zoo],
          grunt_ministairs_9, grunt_decor_mini_mirrors, minmay_metal_thing,
          minmay_shop_grove
Depths:2: evilmike_inaccessible_box, layout_cave_pools, hell_entry,
          grunt_decor_junction, infiniplex_staircase_zigzag_3,
          serial_bayou_shore_b
Depths:3: minmay_four_inscribed_fans, layout_gridville,
          pf_vacation_house_of_asmodeus, minmay_misc_feat_pillars,
          grunt_pan_entry_sceptre
Depths:4: thingy_vault, layout_cave_pools, grunt_pan_entry_spiral, hell_entry,
          minmay_misc_feat_more_columns, abyss_entry,
          minmay_staircase_windowed_large
Depths:5: grunt_zot_entry_funnels, layout_gridlike, enter_ziggurat_e,
          pf_coc_iceberg, abyss_entry, kennysheep_random_hallway,
          minmay_shop_star
Hell
Dis:1:    layout_gridville
Dis:2:    layout_gridville
Dis:3:    layout_gridville, hangedman_dis_decor_blocks_mantle
Dis:4:    layout_subdivisions
Dis:5:    layout_chaotic_city
Dis:6:    layout_chaotic_city
Dis:7:    dis_hangedman
Geh:1:    layout_gehenna_pools_basic
Geh:2:    layout_gehenna_lava_caves, hangedman_elemental_corridor
Geh:3:    layout_gehenna_pools_triple, grunt_megastairs_4
Geh:4:    layout_gehenna_pools_basic
Geh:5:    layout_gehenna_lava_caves
Geh:6:    layout_gehenna_pools_triple
Geh:7:    geh_grunt_pentagon
Coc:1:    layout_ice_bergs
Coc:2:    layout_cocytus_water_paths
Coc:3:    layout_ice_bergs
Coc:4:    layout_ice_bergs
Coc:5:    layout_ice_bergs
Coc:6:    layout_cocytus_water_paths
Coc:7:    coc_mu
Tar:1:    layout_cathedral_of_symmetry, grunt_megastairs_3
Tar:2:    layout_cathedral_of_symmetry
Tar:3:    layout_cathedral_of_symmetry
Tar:4:    layout_grid_maze, nicolae_tar_cuneiform_to_be
Tar:5:    layout_honeycomb
Tar:6:    layout_grid_maze, nicolae_tar_cuneiform_city,
          hangedman_tartarus_temple_path
Tar:7:    tar_mu [tar_mu_maze]
Zot:1:    layout_gridville, grunt_megastairs_1
Zot:2:    layout_cathedral_of_symmetry
Zot:3:    kennysheep_six_static_rooms, layout_basic, ebering_ghost_rock_garden
Zot:4:    layout_gridlike
Zot:5:    layout_misc_corridors

Skill      XL: |  1  2  3  4  5  6  7  8  9 10 11 12 13 14 15 16 17 18 19 20 21 22 23 24 25 26 27 |
---------------+----------------------------------------------------------------------------------+-----
Invocations    | 1 2 3 4 5 6 7 8 9 10 11 12 13 14 15 16 17 18 25 | 25.7
Short Blades   | 1 2 3 4 5 6 7 8 9 10 11 12 13 14 15 16 17 24 | 24.0
Long Blades    | 1 2 3 4 5 6 7 8 9 10 11 12 13 14 15 16 17 24 | 24.0
Axes           | 1 2 3 4 5 6 7 8 9 10 11 12 13 14 15 16 17 27 | 27.0
Maces & Flails | 1 2 3 4 5 6 7 8 9 10 11 12 13 14 15 16 17 24 | 24.0
Polearms       | 1 2 3 4 5 6 7 8 9 10 11 12 13 14 15 16 17 24 | 24.0
Staves         | 1 2 3 4 5 6 7 8 9 10 11 12 13 14 15 16 17 24 | 24.0
Slings         | 1 2 3 4 5 6 7 8 9 10 11 12 13 14 15 16 17 24 | 24.0
Bows           | 1 2 3 4 5 6 7 8 9 10 11 12 13 14 15 16 17 24 | 24.0
Crossbows      | 1 2 3 4 5 6 7 8 9 10 11 12 13 14 15 16 17 24 | 24.0
Armour         | 1 2 3 4 5 6 7 8 9 10 11 12 13 14 15 16 17 24 | 24.0
Dodging        | 1 2 3 4 5 6 7 8 9 10 11 12 13 14 15 16 17 24 | 24.0
Shields        | 1 2 3 4 5 6 7 8 9 10 11 12 13 14 15 16 17 24 | 24.0
Spellcasting   | 1 2 3 4 5 6 7 8 9 10 11 12 13 14 15 16 17 24 | 24.0
Conjurations   | 1 2 3 4 5 6 7 8 9 10 11 12 13 14 20 | 20.9
Hexes          | 1 2 3 4 5 6 7 8 9 10 11 12 13 14 20 | 20.9
Summonings     | 1 2 3 4 5 6 7 8 9 10 11 12 13 14 20 | 20.9
Necromancy     | 1 2 3 4 5 6 7 8 9 10 11 12 13 14 20 | 20.9
Translocations | 1 2 3 4 5 6 7 8 9 10 11 12 13 14 20 | 20.9
Transmutations | 1 2 3 4 5 6 7 8 9 10 11 12 13 14 15 16 24 | 24.4
Fire Magic     | 1 2 3 4 5 6 7 8 9 10 11 12 13 14 20 | 20.9
Ice Magic      | 1 2 3 4 5 6 7 8 9 10 11 12 13 14 20 | 20.9
Air Magic      | 1 2 3 4 5 6 7 8 9 10 11 12 13 14 20 | 20.9
Earth Magic    | 1 2 3 4 5 6 7 8 9 10 11 12 13 14 20 | 20.9
Fighting       | 5 6 7 8 9 10 11 12 13 14 15 16 17 24 | 24.2
Throwing       | 3 4 5 6 7 8 9 10 11 12 13 14 15 16 17 24 | 24.1
Stealth        | 3 4 5 6 7 8 9 10 11 12 13 14 15 16 17 24 | 24.1
Unarmed Combat | 5 6 7 8 9 10 11 12 13 14 15 16 17 24 | 24.2
Evocations     | 3 4 5 6 7 8 9 10 11 12 13 14 15 16 17 24 | 24.1
Poison Magic   | 6 7 8 9 10 11 12 13 14 15 21 | 21.3

Action                   |  1- 3 |  4- 6 |  7- 9 | 10-12 | 13-15 | 16-18 | 19-21 | 22-24 | 25-27 || total
-------------------------+-------+-------+-------+-------+-------+-------+-------+-------+-------++-------
Melee: Quarterstaff      |    91 |   125 |       |       |       |       |       |       |       ||   216
       Bite              |     8 |    26 |    45 |    52 |   179 |   112 |   154 |    94 |   689 ||  1359
       Hand axe          |       |    76 |    36 |       |       |       |       |       |       ||   112
       Punch             |       |     1 |    14 |    12 |       |       |       |       |       ||    27
       Spear             |       |    34 |    57 |       |       |       |       |       |       ||    91
       Whip              |       |     3 |       |       |       |       |       |       |       ||     3
       Rapier            |       |       |   358 |    39 |       |       |       |       |       ||   397
       Morningstar       |       |       |       |   303 |   817 |   557 |   793 |   450 |  3008 ||  5928
       Staff             |       |       |       |       |     1 |       |       |       |     3 ||     4
       Dagger            |       |       |       |       |       |       |       |    11 |       ||    11
       Unarmed           |       |       |       |       |       |       |       |       |    26 ||    26
 Fire: Hunting sling     |     2 |    12 |       |       |       |       |       |       |       ||    14
       Shortbow          |       |       |     2 |       |       |       |       |       |       ||     2
Throw: Boomerang         |       |       |     5 |    32 |    51 |   199 |   318 |    52 |       ||   657
       Javelin           |       |       |       |       |       |       |       |    34 |   259 ||   293
 Cast: Dazzling Flash    |       |       |     2 |    12 |    15 |     2 |       |       |       ||    31
       Stone Arrow       |       |       |       |    72 |    48 |    39 |       |       |       ||   159
       Ensorcelled Hiber |       |       |       |    25 |     2 |     3 |       |       |       ||    30
       Tukima's Dance    |       |       |       |    14 |    16 |    28 |    67 |    34 |    19 ||   178
       Conjure Flame     |       |       |       |     8 |       |       |       |       |       ||     8
       Passwall          |       |       |       |     6 |     5 |    20 |     2 |     2 |    42 ||    77
       Mephitic Cloud    |       |       |       |       |     1 |     4 |       |       |       ||     5
       Lee's Rapid Decon |       |       |       |       |    35 |   151 |    82 |    56 |       ||   324
       Fireball          |       |       |       |       |     7 |    18 |    26 |    15 |       ||    66
       Blink             |       |       |       |       |     1 |     4 |       |       |     4 ||     9
       Summon Mana Viper |       |       |       |       |       |    25 |    22 |     9 |     6 ||    62
       Freezing Cloud    |       |       |       |       |       |    14 |    57 |    20 |       ||    91
       Iron Shot         |       |       |       |       |       |       |    53 |   111 |       ||   164
       Apportation       |       |       |       |       |       |       |     7 |    58 |   402 ||   467
       Sublimation of Bl |       |       |       |       |       |       |     4 |    41 |   206 ||   251
       Ozocubu's Refrige |       |       |       |       |       |       |       |    59 |   296 ||   355
       Lehudib's Crystal |       |       |       |       |       |       |       |    17 |   308 ||   325
       Spellforged Servi |       |       |       |       |       |       |       |    17 |   427 ||   444
       Vampiric Draining |       |       |       |       |       |       |       |       |    51 ||    51
       Leda's Liquefacti |       |       |       |       |       |       |       |       |     1 ||     1
       Absolute Zero     |       |       |       |       |       |       |       |       |   156 ||   156
       Ignition          |       |       |       |       |       |       |       |       |   128 ||   128
       Fire Storm        |       |       |       |       |       |       |       |       |   116 ||   116
       Statue Form       |       |       |       |       |       |       |       |       |     3 ||     3
Invok: Bend Time         |       |       |     1 |     1 |       |       |       |       |       ||     2
       Slouch            |       |       |       |     6 |     5 |     1 |       |       |     2 ||    14
 Abil: Evoke Invisibilit |       |       |       |       |       |       |     1 |       |       ||     1
Evoke: Wand              |       |       |       |    11 |     6 |     3 |       |       |    17 ||    37
       Lightning rod     |       |       |       |       |       |     4 |       |       |     2 ||     6
       Phial of floods   |       |       |       |       |       |     1 |       |       |     8 ||     9
       Condenser vane    |       |       |       |       |       |       |       |       |     3 ||     3
       Box of beasts     |       |       |       |       |       |       |       |       |     3 ||     3
       Phantom mirror    |       |       |       |       |       |       |       |       |     2 ||     2
  Use: Scroll            |       |     8 |     4 |     5 |    19 |    12 |    14 |    25 |    57 ||   144
       Potion            |       |     3 |     7 |     1 |     8 |     2 |     1 |     3 |    56 ||    81
 Stab: Sleeping          |     7 |       |     3 |     7 |       |       |     6 |     1 |     4 ||    28
       Invisible         |       |       |     2 |     7 |    16 |     2 |     4 |       |       ||    31
       Distracted        |       |       |     1 |       |     2 |     2 |     5 |     6 |    68 ||    84
       Confused          |       |       |       |       |       |     4 |       |       |       ||     4
       Held in net/web   |       |       |       |       |       |       |     1 |       |       ||     1
Armor: Robe              |    15 |     4 |       |       |       |       |       |       |       ||    19
       Scale mail        |       |    89 |   135 |       |       |       |       |       |       ||   224
       Skin              |       |     3 |    33 |       |       |       |       |       |    14 ||    50
       Ring mail         |       |       |     2 |    28 |       |       |       |       |       ||    30
       Leather armour    |       |       |       |    40 |       |       |       |       |       ||    40
       Plate armour      |       |       |       |    99 |   448 |   218 |   224 |   129 |   672 ||  1790
Dodge: Dodged            |    64 |   178 |   244 |   283 |   512 |   291 |   441 |   253 |  1471 ||  3737
Block: Kite shield       |       |       |       |    29 |   779 |   386 |   740 |   429 |  3107 ||  5470
